Workbook
Name _______MDO2: [1]INSUMOS!$C$6
Name ______MDO1: [2]INSUMOS!$C$8
Name ______MDO2: [1]INSUMOS!$C$6
Name ______R: #REF!
Name _____MDO1: [2]INSUMOS!$C$8
Name _____MDO2: [1]INSUMOS!$C$6
Name _____R: #REF!
Name _____R: #REF!
Name ____MDO1: [2]INSUMOS!$C$8
Name ____MDO2: [1]INSUMOS!$C$6
Name ____R: #REF!
Name ____R: #REF!
Name ___MDO1: [2]INSUMOS!$C$8
Name ___MDO2: [1]INSUMOS!$C$6
Name ___R: #REF!
Name ___R: #REF!
Name __MDO1: [2]INSUMOS!$C$8
Name __MDO2: [1]INSUMOS!$C$6
Name __R: #REF!
Name __R: #REF!
Name __xlnm.Print_Titles_2: #REF!
Name __xlnm.Print_Titles_2: #REF!
Name _6.3: [3]Memória!#REF!
Name _6.3: [3]Memória!#REF!
Name _MDO1: [4]INSUMOS!$C$8
Name _MDO1: [2]INSUMOS!$C$8
Name _MDO2: [4]INSUMOS!$C$9
Name _MDO2: [1]INSUMOS!$C$6
Name _R: #REF!
Name _R: #REF!
Name _rua1: #REF!
Name _rua1: #REF!
Name _rx: #REF!
Name A: #REF!
Name AA: #REF!
Name AA: [5]CUBACAO!#REF!
Name AAA: #REF!
Name AAA: [5]CUBACAO!#REF!
Name Ac: #REF!
Name Ac: #REF!
Name ASDFASDFAS: #REF!
Name ASDFASDFAS: #REF!
Name BB: #REF!
Name BB: [5]CUBACAO!#REF!
Name BBB: #REF!
Name BBB: [5]CUBACAO!#REF!
Name BDI: #REF!
Name BDI: #REF!
Name BDIc: #REF!
Name BDIc: #REF!
Name BDIf: #REF!
Name BDIf: #REF!
Name CC: #REF!
Name CC: [5]CUBACAO!#REF!
Name CCC: #REF!
Name CCC: [5]CUBACAO!#REF!
Name Comp.export: #REF!
Name Composição: [2]INSUMOS!$C$8
Name CONCATENAR: CONCATENATE(#REF!," ",#REF!)
Name CONTEM: #REF!

Sheet Orçamento Sintético
A1: Obra: | B1: ='Memória de Cálculo'!$B$1 -> CONSTRUÇÃO DO MERCADO PÚBLICO DE LAGOA DE DENTRO-PB. | E1: Valor da Obra: | G1: Valor de Repasse:
A2: Endereço da obra: | B2: ='Memória de Cálculo'!$B$2 -> LAGOA DE DENTRO-PB. | E2: 3253548.9 | G2: 3250301
A3: Fonte de dados: | B3: ='Memória de Cálculo'!$B$3 -> SINAPI - 09/2025 / ORSE - 09/2025 | E3: BDI: | G3: Contrapartida:
A4: Encargos Socias: | B4: ='Memória de Cálculo'!$B$4 -> Não desonerados - Horista:113,60% Mensalista: 69,85%) | E4: ='Memória de Cálculo'!$C$4 -> 0.2034 | G4: =E2-G2 -> 3247.91 | H4: ='Memória de Cálculo'!$E$4 -> ESTADO DA PARAÍBA PREFEITURA MUNICIPAL DE LAGOA DE DENTRO
A6: PLANILHA ORÇAMENTARIA
A8: Item | B8: Código | C8: Banco | D8: Descrição | E8: Und | F8: Quant. | G8: Valor Unit | H8: Valor Unit com BDI | I8: Total | J8: Peso (%)
A9: 1 | D9: SERVIÇOS PRELIMINARES | F9: 1 | H9: 4485.12 | I9: 4485.12 | J9: 0.0013785316
A10: 1.1 | B10: 103689 | C10: SINAPI | D10: FORNECIMENTO E INSTALAÇÃO DE PLACA DE OBRA COM CHAPA GALVANIZADA E ESTRUTURA DE MADEIRA. AF_03/2022_PS | E10: m² | F10: 8 | G10: 465.88 | H10: 560.64 | I10: 4485.12 | J10: 0.0013785316
A11: 2 | D11: MOVIMENTO DE TERRA E CONTENÇÕES | F11: 1 | H11: 380630.38 | I11: 380630.38 | J11: 0.11698929
A12: 2.1 | B12: 94327 | C12: SINAPI | D12: ATERRO MECANIZADO DE VALA COM ESCAVADEIRA HIDRÁULICA (CAPACIDADE DA CAÇAMBA: 0,8 M³/POTÊNCIA: 111 HP), LARGURA ATÉ 2,5 M, PROFUNDIDADE ATÉ 1,5 M, COM AREIA PARA ATERRO. AF_08/2023 | E12: m³ | F12: 1931.72 | G12: 123.35 | H12: 148.44 | I12: 286744.52 | J12: 0.088132844
A13: 2.2 | B13: 100574 | C13: SINAPI | D13: ESPALHAMENTO DE MATERIAL COM TRATOR DE ESTEIRAS. AF_09/2024 | E13: m³ | F13: 1931.72 | G13: 1.37 | H13: 1.65 | I13: 3187.34 | J13: 0.00097965025
A14: 2.3 | B14: 1506056 | C14: SICRO3 | D14: Pedra argamassada com cimento e areia 1:3 - areia extraída e pedra de mão produzida - confecção e assentamento | E14: m³ | F14: 221.8 | G14: 285.72 | H14: 343.84 | I14: 76263.71 | J14: 0.023440161
A15: 2.4 | B15: 103350 | C15: SINAPI | D15: ALVENARIA DE VEDAÇÃO DE BLOCOS CERÂMICOS FURADOS NA HORIZONTAL DE 9X9X19 CM (ESPESSURA 9 CM) E ARGAMASSA DE ASSENTAMENTO COM PREPARO EM BETONEIRA. AF_12/2021 | E15: m² | F15: 70.51 | G15: 170.12 | H15: 204.72 | I15: 14434.81 | J15: 0.0044366353
A16: 3 | D16: MERCADO (PRÉDIO PRINCIPAL) | F16: 1 | H16: 2340082 | I16: 2340082 | J16: 0.71923984
A17: 3.1 | D17: ESTRUTURA | F17: 1 | H17: 587829.31 | I17: 587829.31 | J17: 0.18067327
A18: 3.1.1 | D18: LOCAÇÃO E MOVIMENTO DE TERRA | F18: 1 | H18: 55343.13 | I18: 55343.13 | J18: 0.017010081
A19: 3.1.1.1 | B19: 99059 | C19: SINAPI | D19: LOCAÇÃO CONVENCIONAL DE OBRA, UTILIZANDO GABARITO DE TÁBUAS CORRIDAS PONTALETADAS A CADA 2,00M - 2 UTILIZAÇÕES. AF_03/2024 | E19: M | F19: 174.7 | G19: 62.26 | H19: 74.92 | I19: 13088.52 | J19: 0.0040228441
A20: 3.1.1.2 | B20: 96523 | C20: SINAPI | D20: ESCAVAÇÃO MANUAL PARA BLOCO DE COROAMENTO OU SAPATA (INCLUINDO ESCAVAÇÃO PARA COLOCAÇÃO DE FÔRMAS). AF_01/2024 | E20: m³ | F20: 245.96 | G20: 92.65 | H20: 111.5 | I20: 27424.54 | J20: 0.0084291156
A21: 3.1.1.3 | B21: 96527 | C21: SINAPI | D21: ESCAVAÇÃO MANUAL PARA VIGA BALDRAME OU SAPATA CORRIDA (INCLUINDO ESCAVAÇÃO PARA COLOCAÇÃO DE FÔRMAS). AF_01/2024 | E21: m³ | F21: 20.11 | G21: 101.96 | H21: 122.7 | I21: 2467.5 | J21: 0.00075840261
A22: 3.1.1.4 | B22: 101616 | C22: SINAPI | D22: PREPARO DE FUNDO DE VALA COM LARGURA MENOR QUE 1,5 M (ACERTO DO SOLO NATURAL). AF_08/2020 | E22: m² | F22: 119.98 | G22: 6.23 | H22: 7.5 | I22: 899.85 | J22: 0.00027657491
A23: 3.1.1.5 | B23: 96619 | C23: SINAPI | D23: LASTRO DE CONCRETO MAGRO, APLICADO EM BLOCOS DE COROAMENTO OU SAPATAS, ESPESSURA DE 5 CM. AF_01/2024 | E23: m² | F23: 119.98 | G23: 39.75 | H23: 47.84 | I23: 5739.84 | J23: 0.0017641782
A24: 3.1.1.6 | B24: 93382 | C24: SINAPI | D24: REATERRO MANUAL DE VALAS, COM COMPACTADOR DE SOLOS DE PERCUSSÃO. AF_08/2023 | E24: m³ | F24: 187.82 | G24: 25.32 | H24: 30.47 | I24: 5722.88 | J24: 0.0017589654
A25: 3.1.2 | D25: INFRAESTRUTURA | F25: 1 | H25: 215271.84 | I25: 215271.84 | J25: 0.066165239
A26: 3.1.2.1 | D26: SAPATAS / ARRANQUES | F26: 1 | H26: 91365.17 | I26: 91365.17 | J26: 0.028081696
A27: 3.1.2.1.1 | B27: 92443 | C27: SINAPI | D27: MONTAGEM E DESMONTAGEM DE FÔRMA DE PILARES RETANGULARES E ESTRUTURAS SIMILARES, PÉ-DIREITO SIMPLES, EM CHAPA DE MADEIRA COMPENSADA PLASTIFICADA, 18 UTILIZAÇÕES. AF_09/2020 | E27: m² | F27: 216.35 | G27: 44.49 | H27: 53.54 | I27: 11583.38 | J27: 0.0035602293
A28: 3.1.2.1.2 | B28: 104918 | C28: SINAPI | D28: ARMAÇÃO DE SAPATA ISOLADA, VIGA BALDRAME E SAPATA CORRIDA UTILIZANDO AÇO CA-50 DE 8 MM - MONTAGEM. AF_01/2024 | E28: KG | F28: 861.2 | G28: 13.01 | H28: 15.66 | I28: 13486.39 | J28: 0.0041451321
A29: 3.1.2.1.3 | B29: 92759 | C29: SINAPI | D29: ARMAÇÃO DE PILAR OU VIGA DE ESTRUTURA CONVENCIONAL DE CONCRETO ARMADO UTILIZANDO AÇO CA-60 DE 5,0 MM - MONTAGEM. AF_06/2022 | E29: KG | F29: 492.3 | G29: 12.93 | H29: 15.56 | I29: 7660.19 | J29: 0.0023544106
A30: 3.1.2.1.4 | B30: 92762 | C30: SINAPI | D30: ARMAÇÃO DE PILAR OU VIGA DE ESTRUTURA CONVENCIONAL DE CONCRETO ARMADO UTILIZANDO AÇO CA-50 DE 10,0 MM - MONTAGEM. AF_06/2022 | E30: KG | F30: 1077 | G30: 9.92 | H30: 11.94 | I30: 12859.38 | J30: 0.0039524164
A31: 3.1.2.1.5 | B31: 92763 | C31: SINAPI | D31: ARMAÇÃO DE PILAR OU VIGA DE ESTRUTURA CONVENCIONAL DE CONCRETO ARMADO UTILIZANDO AÇO CA-50 DE 12,5 MM - MONTAGEM. AF_06/2022 | E31: KG | F31: 100.6 | G31: 8.33 | H31: 10.02 | I31: 1008.01 | J31: 0.00030981861
A32: 3.1.2.1.6 | B32: 92764 | C32: SINAPI | D32: ARMAÇÃO DE PILAR OU VIGA DE ESTRUTURA CONVENCIONAL DE CONCRETO ARMADO UTILIZANDO AÇO CA-50 DE 16,0 MM - MONTAGEM. AF_06/2022 | E32: KG | F32: 120.6 | G32: 8.03 | H32: 9.66 | I32: 1165 | J32: 0.00035807054
A33: 3.1.2.1.7 | B33: 92765 | C33: SINAPI | D33: ARMAÇÃO DE PILAR OU VIGA DE ESTRUTURA CONVENCIONAL DE CONCRETO ARMADO UTILIZANDO AÇO CA-50 DE 20,0 MM - MONTAGEM. AF_06/2022 | E33: KG | F33: 28.2 | G33: 9.07 | H33: 10.91 | I33: 307.66 | J33: 9.4561357e-05
A34: 3.1.2.1.8 | B34: 94965 | C34: SINAPI | D34: CONCRETO FCK = 25MPA, TRAÇO 1:2,3:2,7 (EM MASSA SECA DE CIMENTO/ AREIA MÉDIA/ BRITA 1) - PREPARO MECÂNICO COM BETONEIRA 400 L. AF_05/2021 | E34: m³ | F34: 45.34 | G34: 502.75 | H34: 605.01 | I34: 27431.15 | J34: 0.0084311473
A35: 3.1.2.1.9 | B35: 103670 | C35: SINAPI | D35: LANÇAMENTO COM USO DE BALDES, ADENSAMENTO E ACABAMENTO DE CONCRETO EM ESTRUTURAS. AF_02/2022 | E35: m³ | F35: 45.34 | G35: 290.75 | H35: 349.89 | I35: 15864.01 | J35: 0.0048759095
A36: 3.1.2.2 | D36: VIGAS BALDRAME | F36: 1 | H36: 123906.67 | I36: 123906.67 | J36: 0.038083543
A37: 3.1.2.2.1 | B37: 96536 | C37: SINAPI | D37: FABRICAÇÃO, MONTAGEM E DESMONTAGEM DE FÔRMA PARA VIGA BALDRAME, EM MADEIRA SERRADA, E=25 MM, 4 UTILIZAÇÕES. AF_01/2024 | E37: m² | F37: 427.89 | G37: 74.67 | H37: 89.86 | I37: 38450.2 | J37: 0.011817926
A38: 3.1.2.2.2 | B38: 104916 | C38: SINAPI | D38: ARMAÇÃO DE SAPATA ISOLADA, VIGA BALDRAME E SAPATA CORRIDA UTILIZANDO AÇO CA-60 DE 5 MM - MONTAGEM. AF_01/2024 | E38: KG | F38: 481.5 | G38: 15.46 | H38: 18.6 | I38: 8955.9 | J38: 0.0027526557
A39: 3.1.2.2.3 | B39: 104917 | C39: SINAPI | D39: ARMAÇÃO DE SAPATA ISOLADA, VIGA BALDRAME E SAPATA CORRIDA UTILIZANDO AÇO CA-50 DE 6,3 MM - MONTAGEM. AF_01/2024 | E39: KG | F39: 27.5 | G39: 14.18 | H39: 17.06 | I39: 469.15 | J39: 0.00014419639
A40: 3.1.2.2.4 | B40: 104918 | C40: SINAPI | D40: ARMAÇÃO DE SAPATA ISOLADA, VIGA BALDRAME E SAPATA CORRIDA UTILIZANDO AÇO CA-50 DE 8 MM - MONTAGEM. AF_01/2024 | E40: KG | F40: 67.1 | G40: 13.01 | H40: 15.66 | I40: 1050.79 | J40: 0.00032296733
A41: 3.1.2.2.5 | B41: 104919 | C41: SINAPI | D41: ARMAÇÃO DE SAPATA ISOLADA, VIGA BALDRAME E SAPATA CORRIDA UTILIZANDO AÇO CA-50 DE 10 MM - MONTAGEM. AF_01/2024 | E41: KG | F41: 1021.7 | G41: 11.55 | H41: 13.9 | I41: 14201.63 | J41: 0.0043649659
A42: 3.1.2.2.6 | B42: 104920 | C42: SINAPI | D42: ARMAÇÃO DE BLOCO, SAPATA ISOLADA, VIGA BALDRAME E SAPATA CORRIDA UTILIZANDO AÇO CA-50 DE 12,5 MM - MONTAGEM. AF_01/2024 | E42: KG | F42: 428 | G42: 9.8 | H42: 11.79 | I42: 5046.12 | J42: 0.0015509587
A43: 3.1.2.2.7 | B43: 104921 | C43: SINAPI | D43: ARMAÇÃO DE BLOCO, SAPATA ISOLADA, VIGA BALDRAME E SAPATA CORRIDA UTILIZANDO AÇO CA-50 DE 16 MM - MONTAGEM. AF_01/2024 | E43: KG | F43: 453.5 | G43: 9.17 | H43: 11.04 | I43: 5006.64 | J43: 0.0015388243
A44: 3.1.2.2.8 | B44: 94971 | C44: SINAPI | D44: CONCRETO FCK = 25MPA, TRAÇO 1:2,3:2,7 (EM MASSA SECA DE CIMENTO/ AREIA MÉDIA/ BRITA 1) - PREPARO MECÂNICO COM BETONEIRA 600 L. AF_05/2021 | E44: m³ | F44: 26.91 | G44: 497.02 | H44: 598.11 | I44: 16095.14 | J44: 0.0049469488
A45: 3.1.2.2.9 | B45: 103670 | C45: SINAPI | D45: LANÇAMENTO COM USO DE BALDES, ADENSAMENTO E ACABAMENTO DE CONCRETO EM ESTRUTURAS. AF_02/2022 | E45: m³ | F45: 26.91 | G45: 290.75 | H45: 349.89 | I45: 9415.54 | J45: 0.0028939291
A46: 3.1.2.2.10 | B46: 98557 | C46: SINAPI | D46: IMPERMEABILIZAÇÃO DE SUPERFÍCIE COM EMULSÃO ASFÁLTICA, 2 DEMÃOS. AF_09/2023 | E46: m² | F46: 427.89 | G46: 48.97 | H46: 58.93 | I46: 25215.56 | J46: 0.0077501709
A47: 3.1.3 | D47: SUPERESTRUTURA | F47: 1 | H47: 317214.34 | I47: 317214.34 | J47: 0.097497947
A48: 3.1.3.1 | D48: PILARES | F48: 1 | H48: 135425.81 | I48: 135425.81 | J48: 0.041624028
A49: 3.1.3.1.1 | B49: 92443 | C49: SINAPI | D49: MONTAGEM E DESMONTAGEM DE FÔRMA DE PILARES RETANGULARES E ESTRUTURAS SIMILARES, PÉ-DIREITO SIMPLES, EM CHAPA DE MADEIRA COMPENSADA PLASTIFICADA, 18 UTILIZAÇÕES. AF_09/2020 | E49: m² | F49: 665.56 | G49: 44.49 | H49: 53.54 | I49: 35634.08 | J49: 0.010952373
A50: 3.1.3.1.2 | B50: 92759 | C50: SINAPI | D50: ARMAÇÃO DE PILAR OU VIGA DE ESTRUTURA CONVENCIONAL DE CONCRETO ARMADO UTILIZANDO AÇO CA-60 DE 5,0 MM - MONTAGEM. AF_06/2022 | E50: KG | F50: 1307.7 | G50: 12.93 | H50: 15.56 | I50: 20347.81 | J50: 0.0062540354
A51: 3.1.3.1.3 | B51: 92762 | C51: SINAPI | D51: ARMAÇÃO DE PILAR OU VIGA DE ESTRUTURA CONVENCIONAL DE CONCRETO ARMADO UTILIZANDO AÇO CA-50 DE 10,0 MM - MONTAGEM. AF_06/2022 | E51: KG | F51: 2224.2 | G51: 9.92 | H51: 11.94 | I51: 26556.95 | J51: 0.0081624561
A52: 3.1.3.1.4 | B52: 92763 | C52: SINAPI | D52: ARMAÇÃO DE PILAR OU VIGA DE ESTRUTURA CONVENCIONAL DE CONCRETO ARMADO UTILIZANDO AÇO CA-50 DE 12,5 MM - MONTAGEM. AF_06/2022 | E52: KG | F52: 166.2 | G52: 8.33 | H52: 10.02 | I52: 1665.32 | J52: 0.00051184723
A53: 3.1.3.1.5 | B53: 92764 | C53: SINAPI | D53: ARMAÇÃO DE PILAR OU VIGA DE ESTRUTURA CONVENCIONAL DE CONCRETO ARMADO UTILIZANDO AÇO CA-50 DE 16,0 MM - MONTAGEM. AF_06/2022 | E53: KG | F53: 245.3 | G53: 8.03 | H53: 9.66 | I53: 2369.6 | J53: 0.0007283124
A54: 3.1.3.1.6 | B54: 92765 | C54: SINAPI | D54: ARMAÇÃO DE PILAR OU VIGA DE ESTRUTURA CONVENCIONAL DE CONCRETO ARMADO UTILIZANDO AÇO CA-50 DE 20,0 MM - MONTAGEM. AF_06/2022 | E54: KG | F54: 29.7 | G54: 9.07 | H54: 10.91 | I54: 324.03 | J54: 9.9592786e-05
A55: 3.1.3.1.7 | B55: 94965 | C55: SINAPI | D55: CONCRETO FCK = 25MPA, TRAÇO 1:2,3:2,7 (EM MASSA SECA DE CIMENTO/ AREIA MÉDIA/ BRITA 1) - PREPARO MECÂNICO COM BETONEIRA 400 L. AF_05/2021 | E55: m³ | F55: 50.82 | G55: 502.75 | H55: 605.01 | I55: 30746.61 | J55: 0.0094501761
A56: 3.1.3.1.8 | B56: 103670 | C56: SINAPI | D56: LANÇAMENTO COM USO DE BALDES, ADENSAMENTO E ACABAMENTO DE CONCRETO EM ESTRUTURAS. AF_02/2022 | E56: m³ | F56: 50.82 | G56: 290.75 | H56: 349.89 | I56: 17781.41 | J56: 0.0054652352
A57: 3.1.3.2 | D57: VIGAS | F57: 1 | H57: 106253.23 | I57: 106253.23 | J57: 0.03265764
A58: 3.1.3.2.1 | B58: 92480 | C58: SINAPI | D58: MONTAGEM E DESMONTAGEM DE FÔRMA DE VIGA, ESCORAMENTO METÁLICO, PÉ-DIREITO SIMPLES, EM CHAPA DE MADEIRA PLASTIFICADA, 18 UTILIZAÇÕES. AF_09/2020 | E58: m² | F58: 451.46 | G58: 79.72 | H58: 95.94 | I58: 43313.07 | J58: 0.013312562
A59: 3.1.3.2.2 | B59: 92759 | C59: SINAPI | D59: ARMAÇÃO DE PILAR OU VIGA DE ESTRUTURA CONVENCIONAL DE CONCRETO ARMADO UTILIZANDO AÇO CA-60 DE 5,0 MM - MONTAGEM. AF_06/2022 | E59: KG | F59: 568.7 | G59: 12.93 | H59: 15.56 | I59: 8848.97 | J59: 0.0027197901
A60: 3.1.3.2.3 | B60: 92760 | C60: SINAPI | D60: ARMAÇÃO DE PILAR OU VIGA DE ESTRUTURA CONVENCIONAL DE CONCRETO ARMADO UTILIZANDO AÇO CA-50 DE 6,3 MM - MONTAGEM. AF_06/2022 | E60: KG | F60: 15.7 | G60: 12.04 | H60: 14.49 | I60: 227.49 | J60: 6.9920572e-05
A61: 3.1.3.2.4 | B61: 92761 | C61: SINAPI | D61: ARMAÇÃO DE PILAR OU VIGA DE ESTRUTURA CONVENCIONAL DE CONCRETO ARMADO UTILIZANDO AÇO CA-50 DE 8,0 MM - MONTAGEM. AF_06/2022 | E61: KG | F61: 182.5 | G61: 11.18 | H61: 13.45 | I61: 2454.63 | J61: 0.00075444693
A62: 3.1.3.2.5 | B62: 92762 | C62: SINAPI | D62: ARMAÇÃO DE PILAR OU VIGA DE ESTRUTURA CONVENCIONAL DE CONCRETO ARMADO UTILIZANDO AÇO CA-50 DE 10,0 MM - MONTAGEM. AF_06/2022 | E62: KG | F62: 1067.8 | G62: 9.92 | H62: 11.94 | I62: 12749.53 | J62: 0.0039186532
A63: 3.1.3.2.6 | B63: 92763 | C63: SINAPI | D63: ARMAÇÃO DE PILAR OU VIGA DE ESTRUTURA CONVENCIONAL DE CONCRETO ARMADO UTILIZANDO AÇO CA-50 DE 12,5 MM - MONTAGEM. AF_06/2022 | E63: KG | F63: 516.4 | G63: 8.33 | H63: 10.02 | I63: 5174.33 | J63: 0.0015903649
A64: 3.1.3.2.7 | B64: 92764 | C64: SINAPI | D64: ARMAÇÃO DE PILAR OU VIGA DE ESTRUTURA CONVENCIONAL DE CONCRETO ARMADO UTILIZANDO AÇO CA-50 DE 16,0 MM - MONTAGEM. AF_06/2022 | E64: KG | F64: 494.8 | G64: 8.03 | H64: 9.66 | I64: 4779.77 | J64: 0.0014690943
A65: 3.1.3.2.8 | B65: 103670 | C65: SINAPI | D65: LANÇAMENTO COM USO DE BALDES, ADENSAMENTO E ACABAMENTO DE CONCRETO EM ESTRUTURAS. AF_02/2022 | E65: m³ | F65: 30.28 | G65: 290.75 | H65: 349.89 | I65: 10594.67 | J65: 0.0032563426
A66: 3.1.3.2.9 | B66: 94971 | C66: SINAPI | D66: CONCRETO FCK = 25MPA, TRAÇO 1:2,3:2,7 (EM MASSA SECA DE CIMENTO/ AREIA MÉDIA/ BRITA 1) - PREPARO MECÂNICO COM BETONEIRA 600 L. AF_05/2021 | E66: m³ | F66: 30.28 | G66: 497.02 | H66: 598.11 | I66: 18110.77 | J66: 0.0055664662
A67: 3.1.3.3 | D67: LAJES | F67: 1 | H67: 75535.3 | I67: 75535.3 | J67: 0.023216279
A68: 3.1.3.3.1 | B68: 92538 | C68: SINAPI | D68: MONTAGEM E DESMONTAGEM DE FÔRMA DE LAJE MACIÇA, PÉ-DIREITO SIMPLES, EM CHAPA DE MADEIRA COMPENSADA PLASTIFICADA, 18 UTILIZAÇÕES. AF_09/2020 | E68: m² | F68: 332.85 | G68: 27.57 | H68: 33.18 | I68: 11043.96 | J68: 0.0033944349
A69: 3.1.3.3.2 | B69: 92768 | C69: SINAPI | D69: ARMAÇÃO DE LAJE DE ESTRUTURA CONVENCIONAL DE CONCRETO ARMADO UTILIZANDO AÇO CA-60 DE 5,0 MM - MONTAGEM. AF_06/2022 | E69: KG | F69: 331.1 | G69: 12.43 | H69: 14.96 | I69: 4953.26 | J69: 0.0015224176
A70: 3.1.3.3.3 | B70: 92769 | C70: SINAPI | D70: ARMAÇÃO DE LAJE DE ESTRUTURA CONVENCIONAL DE CONCRETO ARMADO UTILIZANDO AÇO CA-50 DE 6,3 MM - MONTAGEM. AF_06/2022 | E70: KG | F70: 150.4 | G70: 11.53 | H70: 13.88 | I70: 2087.55 | J70: 0.00064162244
A71: 3.1.3.3.4 | B71: 92770 | C71: SINAPI | D71: ARMAÇÃO DE LAJE DE ESTRUTURA CONVENCIONAL DE CONCRETO ARMADO UTILIZANDO AÇO CA-50 DE 8,0 MM - MONTAGEM. AF_06/2022 | E71: KG | F71: 968.2 | G71: 10.71 | H71: 12.89 | I71: 12480.1 | J71: 0.0038358421
A72: 3.1.3.3.5 | B72: 92771 | C72: SINAPI | D72: ARMAÇÃO DE LAJE DE ESTRUTURA CONVENCIONAL DE CONCRETO ARMADO UTILIZANDO AÇO CA-50 DE 10,0 MM - MONTAGEM. AF_06/2022 | E72: KG | F72: 419.2 | G72: 9.47 | H72: 11.4 | I72: 4778.88 | J72: 0.0014688207
A73: 3.1.3.3.6 | B73: 92772 | C73: SINAPI | D73: ARMAÇÃO DE LAJE DE ESTRUTURA CONVENCIONAL DE CONCRETO ARMADO UTILIZANDO AÇO CA-50 DE 12,5 MM - MONTAGEM. AF_06/2022 | E73: KG | F73: 270.1 | G73: 7.93 | H73: 9.54 | I73: 2576.75 | J73: 0.00079198133
A74: 3.1.3.3.7 | B74: 94966 | C74: SINAPI | D74: CONCRETO FCK = 30MPA, TRAÇO 1:2,1:2,5 (EM MASSA SECA DE CIMENTO/ AREIA MÉDIA/ BRITA 1) - PREPARO MECÂNICO COM BETONEIRA 400 L. AF_05/2021 | E74: m³ | F74: 38.63 | G74: 518.39 | H74: 623.83 | I74: 24098.55 | J74: 0.0074068504
A75: 3.1.3.3.8 | B75: 103670 | C75: SINAPI | D75: LANÇAMENTO COM USO DE BALDES, ADENSAMENTO E ACABAMENTO DE CONCRETO EM ESTRUTURAS. AF_02/2022 | E75: m³ | F75: 38.63 | G75: 290.75 | H75: 349.89 | I75: 13516.25 | J75: 0.0041543098
A76: 3.2 | D76: ELEVAÇÃO | F76: 1 | H76: 231281.57 | I76: 231281.57 | J76: 0.071085936
A77: 3.2.1 | B77: 103328 | C77: SINAPI | D77: ALVENARIA DE VEDAÇÃO DE BLOCOS CERÂMICOS FURADOS NA HORIZONTAL DE 9X19X19 CM (ESPESSURA 9 CM) E ARGAMASSA DE ASSENTAMENTO COM PREPARO EM BETONEIRA. AF_12/2021 | E77: m² | F77: 1808.68 | G77: 91.77 | H77: 110.44 | I77: 199750.62 | J77: 0.061394688
A78: 3.2.2 | B78: 93200 | C78: SINAPI | D78: FIXAÇÃO (ENCUNHAMENTO) DE ALVENARIA DE VEDAÇÃO COM ARGAMASSA APLICADA COM BISNAGA. AF_03/2024 | E78: M | F78: 350 | G78: 11.26 | H78: 13.55 | I78: 4742.5 | J78: 0.0014576391
A79: 3.2.3 | B79: 101161 | C79: SINAPI | D79: ALVENARIA DE VEDAÇÃO COM ELEMENTO VAZADO DE CONCRETO (COBOGÓ) DE 7X50X50CM E ARGAMASSA DE ASSENTAMENTO COM PREPARO EM BETONEIRA. AF_05/2020 | E79: m² | F79: 88.3 | G79: 252.1 | H79: 303.38 | I79: 26788.45 | J79: 0.0082336091
A80: 3.3 | D80: COBERTURA | F80: 1 | H80: 449540.1 | I80: 449540.1 | J80: 0.13816915
A81: 3.3.1 | D81: ESTRUTURA TELHADO | F81: 1 | H81: 295277.62 | I81: 295277.62 | J81: 0.09075555
A82: 3.3.1.1 | B82: 92580 | C82: SINAPI | D82: TRAMA DE AÇO COMPOSTA POR TERÇAS PARA TELHADOS DE ATÉ 2 ÁGUAS PARA TELHA ONDULADA DE FIBROCIMENTO, METÁLICA, PLÁSTICA OU TERMOACÚSTICA, INCLUSO TRANSPORTE VERTICAL. AF_07/2019 | E82: m² | F82: 1635.98 | G82: 45.87 | H82: 55.2 | I82: 90306.1 | J82: 0.027756183
A83: 3.3.1.2 | B83: 12386 | C83: ORSE | D83: Treliça metálica Pratt, em perfis UDC127x50x5,13kg/m, diagonais tracionadas, p/ telhados em duas águas sem lanternin, vãos 10,01 a 20,00m, pintura 01 demão de epoxi fundo óxido de ferro + 02 demãos esmalte epoxi branco - Executada | E83: m | F83: 384 | G83: 443.56 | H83: 533.78 | I83: 204971.52 | J83: 0.062999366
A84: 3.3.2 | D84: TELHAMENTO | F84: 1 | H84: 126877.09 | I84: 126877.09 | J84: 0.038996521
A85: 3.3.2.1 | B85: 94210 | C85: SINAPI | D85: TELHAMENTO COM TELHA ONDULADA DE FIBROCIMENTO E = 6 MM, COM RECOBRIMENTO LATERAL DE 1 1/4 DE ONDA PARA TELHADO COM INCLINAÇÃO MÁXIMA DE 10°, COM ATÉ 2 ÁGUAS, INCLUSO IÇAMENTO. AF_07/2019 | E85: m² | F85: 1592.75 | G85: 64.35 | H85: 77.44 | I85: 123342.56 | J85: 0.03791016
A86: 3.3.2.2 | B86: 94213 | C86: SINAPI | D86: TELHAMENTO COM TELHA DE AÇO/ALUMÍNIO E = 0,5 MM, COM ATÉ 2 ÁGUAS, INCLUSO IÇAMENTO. AF_07/2019 | E86: m² | F86: 43.22 | G86: 67.96 | H86: 81.78 | I86: 3534.53 | J86: 0.0010863614
A87: 3.3.3 | D87: RUFOS / CALHAS / CHAPIM | F87: 1 | H87: 27385.39 | I87: 27385.39 | J87: 0.0084170826
A88: 3.3.3.1 | B88: 94228 | C88: SINAPI | D88: CALHA EM CHAPA DE AÇO GALVANIZADO NÚMERO 24, DESENVOLVIMENTO DE 50 CM, INCLUSO TRANSPORTE VERTICAL. AF_07/2019 | E88: M | F88: 160.29 | G88: 73.55 | H88: 88.51 | I88: 14187.27 | J88: 0.0043605522
A89: 3.3.3.2 | B89: 101979 | C89: SINAPI | D89: CHAPIM (RUFO CAPA) EM AÇO GALVANIZADO, CORTE 33. AF_11/2020 | E89: M | F89: 173.94 | G89: 37.89 | H89: 45.6 | I89: 7931.66 | J89: 0.0024378487
A90: 3.3.3.3 | B90: 94231 | C90: SINAPI | D90: RUFO EM CHAPA DE AÇO GALVANIZADO NÚMERO 24, CORTE DE 25 CM, INCLUSO TRANSPORTE VERTICAL. AF_07/2019 | E90: M | F90: 95.2 | G90: 45.97 | H90: 55.32 | I90: 5266.46 | J90: 0.0016186817
A91: 3.4 | D91: REVESTIMENTOS | F91: 1 | H91: 258537.05 | I91: 258537.05 | J91: 0.07946309
A92: 3.4.1 | D92: REVESTIMENTO INTERNO | F92: 1 | H92: 167477.67 | I92: 167477.67 | J92: 0.051475381
A93: 3.4.1.1 | B93: 87879 | C93: SINAPI | D93: CHAPISCO APLICADO EM ALVENARIAS E ESTRUTURAS DE CONCRETO INTERNAS, COM COLHER DE PEDREIRO. ARGAMASSA TRAÇO 1:3 COM PREPARO EM BETONEIRA 400L. AF_10/2022 | E93: m² | F93: 2678.46 | G93: 4.33 | H93: 5.21 | I93: 13954.78 | J93: 0.0042890949
A94: 3.4.1.2 | B94: 104951 | C94: SINAPI | D94: MASSA ÚNICA, EM ARGAMASSA TRAÇO 1:2:8, PREPARO MECÂNICO, APLICADA MANUALMENTE EM PAREDES INTERNAS DE AMBIENTES COM ÁREA MAIOR QUE 10M², E = 17,5MM, COM TALISCAS. AF_03/2024 | E94: m² | F94: 2150.84 | G94: 32.51 | H94: 39.12 | I94: 84140.86 | J94: 0.025861256
A95: 3.4.1.3 | B95: 87531 | C95: SINAPI | D95: EMBOÇO, EM ARGAMASSA TRAÇO 1:2:8, PREPARO MECÂNICO, APLICADO MANUALMENTE EM PAREDES INTERNAS DE AMBIENTES COM ÁREA ENTRE 5M² E 10M², E = 17,5MM, COM TALISCAS. AF_03/2024 | E95: m² | F95: 527.62 | G95: 34.38 | H95: 41.37 | I95: 21827.64 | J95: 0.006708871
A96: 3.4.1.4 | B96: 87273 | C96: SINAPI | D96: REVESTIMENTO CERÂMICO PARA PAREDES INTERNAS COM PLACAS TIPO ESMALTADA DE DIMENSÕES 33X45 CM APLICADAS NA ALTURA INTEIRA DAS PAREDES. AF_02/2023_PE | E96: m² | F96: 527.62 | G96: 74.9 | H96: 90.13 | I96: 47554.39 | J96: 0.01461616
A97: 3.4.2 | D97: REVESTIMENTO EXTERNO | F97: 1 | H97: 91059.38 | I97: 91059.38 | J97: 0.027987709
A98: 3.4.2.1 | B98: 87905 | C98: SINAPI | D98: CHAPISCO APLICADO EM ALVENARIA (COM PRESENÇA DE VÃOS) E ESTRUTURAS DE CONCRETO DE FACHADA, COM COLHER DE PEDREIRO. ARGAMASSA TRAÇO 1:3 COM PREPARO EM BETONEIRA 400L. AF_10/2022 | E98: m² | F98: 1240.76 | G98: 7.83 | H98: 9.42 | I98: 11687.96 | J98: 0.0035923726
A99: 3.4.2.2 | B99: 87775 | C99: SINAPI | D99: EMBOÇO OU MASSA ÚNICA EM ARGAMASSA TRAÇO 1:2:8, PREPARO MECÂNICO COM BETONEIRA 400 L, APLICADA MANUALMENTE EM PANOS DE FACHADA COM PRESENÇA DE VÃOS, ESPESSURA DE 25 MM. AF_08/2022 | E99: m² | F99: 1240.76 | G99: 53.16 | H99: 63.97 | I99: 79371.42 | J99: 0.024395336
A100: 3.5 | D100: INSTALAÇÕES HIDRÁULICAS | F100: 1 | H100: 24780.53 | I100: 24780.53 | J100: 0.0076164615
A101: 3.5.1 | D101: CONEXÕES | F101: 1 | H101: 7968.69 | I101: 7968.69 | J101: 0.0024492301
A102: 3.5.1.1 | B102: 102609 | C102: SINAPI | D102: CAIXA D´ÁGUA EM POLIETILENO, 2000 LITROS - FORNECIMENTO E INSTALAÇÃO. AF_06/2021 | E102: UN | F102: 3 | G102: 1243.42 | H102: 1496.33 | I102: 4488.99 | J102: 0.0013797211
...

Sheet Memória de Cálculo
A1: Obra: | B1: CONSTRUÇÃO DO MERCADO PÚBLICO DE LAGOA DE DENTRO-PB. | C1: Valor da Obra:
A2: Endereço da obra: | B2: LAGOA DE DENTRO-PB. | C2: 3253548.9
A3: Fonte de dados: | B3: SINAPI - 09/2025 / ORSE - 09/2025 | C3: BDI:
A4: Encargos Socias: | B4: Não desonerados - Horista:113,60% Mensalista: 69,85%) | C4: =BDI!J27 -> 0.2034 | E4: ESTADO DA PARAÍBA PREFEITURA MUNICIPAL DE LAGOA DE DENTRO
A6: MEMÓRIA DE CÁLCULO
A8: ITEM | B8: DESCRIÇÃO | C8: UND | D8: QUANT. | E8: MEMÓRIA DE CÁLCULO
A9: 1 | B9: SERVIÇOS PRELIMINARES
A10: 1.1 | B10: FORNECIMENTO E INSTALAÇÃO DE PLACA DE OBRA COM CHAPA GALVANIZADA E ESTRUTURA DE MADEIRA. AF_03/2022_PS | C10: m² | D10: 8,0 | E10: A = área para placa de obra. A = 2,0 x 4,0 A = 8,0
A11: 2 | B11: MOVIMENTO DE TERRA E CONTENÇÕES
A12: 2.1 | B12: ATERRO MECANIZADO DE VALA COM ESCAVADEIRA HIDRÁULICA (CAPACIDADE DA CAÇAMBA: 0,8 M³/POTÊNCIA: 111 HP), LARGURA ATÉ 2,5 M, PROFUNDIDADE ATÉ 1,5 M, COM AREIA PARA ATERRO. AF_08/2023 | C12: m³ | D12: 1.931,72 | E12: V = Volume de aterro conforme projeto topografico. V = 1.931,72
A13: 2.2 | B13: ESPALHAMENTO DE MATERIAL COM TRATOR DE ESTEIRAS. AF_09/2024 | C13: m³ | D13: 1.931,72 | E13: V = Volume de espalhamento de aterro conforme aterro. V = 1.931,72
A14: 2.3 | B14: Pedra argamassada com cimento e areia 1:3 - areia extraída e pedra de mão produzida - confecção e assentamento | C14: m³ | D14: 221,8 | E14: V = Volume de pedra argamassada conforme projeto topografico. V = 221,80
A15: 2.4 | B15: ALVENARIA DE VEDAÇÃO DE BLOCOS CERÂMICOS FURADOS NA HORIZONTAL DE 9X9X19 CM (ESPESSURA 9 CM) E ARGAMASSA DE ASSENTAMENTO COM PREPARO EM BETONEIRA. AF_12/2021 | C15: m² | D15: 70,51 | E15: A = Área de alvenaria de 1 vez conforme projeto topografico. A = 70,51
A16: 3 | B16: MERCADO (PRÉDIO PRINCIPAL)
A17: 3.1 | B17: ESTRUTURA
A18: 3.1.1 | B18: LOCAÇÃO E MOVIMENTO DE TERRA
A19: 3.1.1.1 | B19: LOCAÇÃO CONVENCIONAL DE OBRA, UTILIZANDO GABARITO DE TÁBUAS CORRIDAS PONTALETADAS A CADA 2,00M - 2 UTILIZAÇÕES. AF_03/2024 | C19: M | D19: 174,7 | E19: C = Comprimento de locação de obra conforme indicado no projeto estrutural para prédio principal + quisques. C = 174,70
A20: 3.1.1.2 | B20: ESCAVAÇÃO MANUAL PARA BLOCO DE COROAMENTO OU SAPATA (INCLUINDO ESCAVAÇÃO PARA COLOCAÇÃO DE FÔRMAS). AF_01/2024 | C20: m³ | D20: 245,96 | E20: V = Volume de escavação das fundações rasas conforme indicado no projeto estrutural, considerando a profundidade de assentamento constante de 2,00m + 0,05m para lançamento do lastro de concreto. V = (1,0 x 0,75 x 2,0) + (1,75 x 1,55 x 2,0) + (1,40 x 1,15 x 4,0) + (1,45 x 1,20 x 9,0) + (1,50 x 1,25 x 4,0) + (1,60 x 1,35 x 1,0) + (1,70 x 1,45 x 4,0) + (1,25 x 1,0 x 18,0) + (0,70 x 0,55 x 4,0) + (0,90 x 0,75 x 3,0) + (0,85 x 0,70 x 8,0) + (1,25 x 1,10 x 3,0) + (0,90 x 0,65 x 2,0) + (0,75 x 0,65 x 2,0) + (0,90 x 0,70 x 2,0) + (1,15 x 1,0 x 3,0) + (1,30 x 1,05 x 10,0) + (0,70 x 0,60 x 4,0) + (1,20 x 0,95 x 1,0) + (1,05 x 0,80 x 1,0) + (1,80 x 1,55 x 1,0) + (1,0 x 0,85 x 5,0) + (0,80 x 0,65 x 2,0) + (0,70 x 0,65 x 2,0) + (1,80 x 1,60 x 1,0) + (0,75 x 0,60 x 1,0) x (2,00 + 0,05) V = (119,98)x(2,05) V = 245,96
A21: 3.1.1.3 | B21: ESCAVAÇÃO MANUAL PARA VIGA BALDRAME OU SAPATA CORRIDA (INCLUINDO ESCAVAÇÃO PARA COLOCAÇÃO DE FÔRMAS). AF_01/2024 | C21: m³ | D21: 20,11 | E21: V = Volume de escavação das vigas baldrames conforme planta de forma indicada no projeto estrutural. V = Comprimento da viga x Largura da viga x Altura da viga. V1 = (2,50 + 2,45 + 2,58 + 2,45 + 2,65 +2,53 + 4,20 + 3,40 + 3,30 + 3,38 + 3,40 + 3,35 + 3,25 + 3,28 + 3,30 + 3,25 + 2,38 + 2,43 + 2,43 + 2,45 + 2,45 + 2,15 + 3,28 + 3,30 + 3,30 + 3,25 + 3,38 + 3,0 + 6,30 + 2,95 + 0,62 + 0,62 + 0,62 + 0,60 + 2,35 + 6,45 + 3,45 + 3,33 + 3,45 + 4,20 + 4,05 + 2,15 + 3,85 + 3,75 + 3,80 + 3,08 + 4,55 + 4,02 + 4,25 + 3,75 + 4,05 + 3,90 + 3,0 + 8,35 + 4,35 + 3,92 + 3,85 + 3,95 + 3,60 + 10,15 + 3,95 + 5,10 + 4,25 + 4,05 + 4,87 + 3,95 + 3,85 + 3,70 + 3,70 + 4,75 + 4,50 + 4,30 + 4,50 + 3,45 + 3,30 + 3,35 + 3,65 + 1,50 + 2,20 + 1,45 + 2,60 + 2,60 + 2,60 + 2,60 + 4,30 + 3,15 + 1,50 + 2,25 + 3,15 + 4,80 + 0,95 + 2,80 + 2,80 + 1,60 + 1,05 + 2,35 + 3,15 + 1,60 + 2,50 + 3,30 + 5,10 + 8,0 + 4,35 + 4,55 + 4,90 + 8,0 + 3,85 + 3,90 + 8,35 + 9,45 + 3,10) x 0,15 x 0,30 V1 =393,95 x 0,15 x 0,30 V1 = 17,73 V2 = (3,15 + 3,0 + 3,0 + 3,0 + 3,0 + 3,0 + 4,75 + 3,15 + 3,0 + 3,0 + 3,0 + 3,0 + 3,0 + 4,75 + 3,0 + 3,0 + 3,0 + 3,0 + 4,75) x 0,20 x 0,35 V2 = 62,55 x 0,20 x 0,35 V2 = 4,38 V = 17,73 + 4,38 V = 20,11
A22: 3.1.1.4 | B22: PREPARO DE FUNDO DE VALA COM LARGURA MENOR QUE 1,5 M (ACERTO DO SOLO NATURAL). AF_08/2020 | C22: m² | D22: 119,98 | E22: A = Área de regularização do fundo da vala escavada para assentamento das sapatas conforme indicado no projeto estrutural. A = Volume escavado (item 3.1.1.2) / Profundidade de assentamento (2,05m) A = (245,96/2,05) A = 119,98
A23: 3.1.1.5 | B23: LASTRO DE CONCRETO MAGRO, APLICADO EM BLOCOS DE COROAMENTO OU SAPATAS, ESPESSURA DE 5 CM. AF_01/2024 | C23: m² | D23: 119,98 | E23: A = Área de lastro de concreto aplicado sobre a base das sapatas conforme área de regularização do fundo das valas (item 3.1.1.3). A = 119,98
A24: 3.1.1.6 | B24: REATERRO MANUAL DE VALAS, COM COMPACTADOR DE SOLOS DE PERCUSSÃO. AF_08/2023 | C24: m³ | D24: 187,82 | E24: V = Volume de reaterro das fundações tomando o volume escavado das sapatas e vigas, com desconto do volume de concreto ocupado pelas sapatas + vigas baldrames e do volume ocupado pelo lastro de concreto (espessura de 5cm). V = ((245,96+20,11) - (29,16 + 16,18 + 26,91) - (119,98x0,05) V =266,07 -72,25 - 6,0 V = 187,82
A25: 3.1.2 | B25: INFRAESTRUTURA
A26: 3.1.2.1 | B26: SAPATAS / ARRANQUES
A27: 3.1.2.1.1 | B27: MONTAGEM E DESMONTAGEM DE FÔRMA DE PILARES RETANGULARES E ESTRUTURAS SIMILARES, PÉ-DIREITO SIMPLES, EM CHAPA DE MADEIRA COMPENSADA PLASTIFICADA, 18 UTILIZAÇÕES. AF_09/2020 | C27: m² | D27: 216,35 | E27: A = Conforme projeto estrutural. A = 216,35
A28: 3.1.2.1.2 | B28: ARMAÇÃO DE SAPATA ISOLADA, VIGA BALDRAME E SAPATA CORRIDA UTILIZANDO AÇO CA-50 DE 8 MM - MONTAGEM. AF_01/2024 | C28: KG | D28: 861,2 | E28: Q = Conforme projeto estrutural. Q = 861,20
A29: 3.1.2.1.3 | B29: ARMAÇÃO DE PILAR OU VIGA DE ESTRUTURA CONVENCIONAL DE CONCRETO ARMADO UTILIZANDO AÇO CA-60 DE 5,0 MM - MONTAGEM. AF_06/2022 | C29: KG | D29: 492,3 | E29: Q = Conforme projeto estrutural. Q = 492,30
A30: 3.1.2.1.4 | B30: ARMAÇÃO DE PILAR OU VIGA DE ESTRUTURA CONVENCIONAL DE CONCRETO ARMADO UTILIZANDO AÇO CA-50 DE 10,0 MM - MONTAGEM. AF_06/2022 | C30: KG | D30: 1.077,0 | E30: Q = Conforme projeto estrutural. Q = 1.077,0
A31: 3.1.2.1.5 | B31: ARMAÇÃO DE PILAR OU VIGA DE ESTRUTURA CONVENCIONAL DE CONCRETO ARMADO UTILIZANDO AÇO CA-50 DE 12,5 MM - MONTAGEM. AF_06/2022 | C31: KG | D31: 100,6 | E31: Q = Conforme projeto estrutural. Q = 100,60
A32: 3.1.2.1.6 | B32: ARMAÇÃO DE PILAR OU VIGA DE ESTRUTURA CONVENCIONAL DE CONCRETO ARMADO UTILIZANDO AÇO CA-50 DE 16,0 MM - MONTAGEM. AF_06/2022 | C32: KG | D32: 120,6 | E32: Q = Conforme projeto estrutural. Q = 120,60
A33: 3.1.2.1.7 | B33: ARMAÇÃO DE PILAR OU VIGA DE ESTRUTURA CONVENCIONAL DE CONCRETO ARMADO UTILIZANDO AÇO CA-50 DE 20,0 MM - MONTAGEM. AF_06/2022 | C33: KG | D33: 28,2 | E33: Q = Conforme projeto estrutural. Q = 28,20
A34: 3.1.2.1.8 | B34: CONCRETO FCK = 25MPA, TRAÇO 1:2,3:2,7 (EM MASSA SECA DE CIMENTO/ AREIA MÉDIA/ BRITA 1) - PREPARO MECÂNICO COM BETONEIRA 400 L. AF_05/2021 | C34: m³ | D34: 45,34 | E34: V = Conforme projeto estrutural. V = 29,16 + 16,18 V = 45,34
A35: 3.1.2.1.9 | B35: LANÇAMENTO COM USO DE BALDES, ADENSAMENTO E ACABAMENTO DE CONCRETO EM ESTRUTURAS. AF_02/2022 | C35: m³ | D35: 45,34 | E35: V = Conforme projeto estrutural. V = 29,16 + 16,18 V = 45,34
A36: 3.1.2.2 | B36: VIGAS BALDRAME
A37: 3.1.2.2.1 | B37: FABRICAÇÃO, MONTAGEM E DESMONTAGEM DE FÔRMA PARA VIGA BALDRAME, EM MADEIRA SERRADA, E=25 MM, 4 UTILIZAÇÕES. AF_01/2024 | C37: m² | D37: 427,89 | E37: A = Conforme projeto estrutural. A = 427,89
A38: 3.1.2.2.2 | B38: ARMAÇÃO DE SAPATA ISOLADA, VIGA BALDRAME E SAPATA CORRIDA UTILIZANDO AÇO CA-60 DE 5 MM - MONTAGEM. AF_01/2024 | C38: KG | D38: 481,5 | E38: Q = Conforme projeto estrutural. Q = 481,50
A39: 3.1.2.2.3 | B39: ARMAÇÃO DE SAPATA ISOLADA, VIGA BALDRAME E SAPATA CORRIDA UTILIZANDO AÇO CA-50 DE 6,3 MM - MONTAGEM. AF_01/2024 | C39: KG | D39: 27,5 | E39: Q = Conforme projeto estrutural. Q = 27,50
A40: 3.1.2.2.4 | B40: ARMAÇÃO DE SAPATA ISOLADA, VIGA BALDRAME E SAPATA CORRIDA UTILIZANDO AÇO CA-50 DE 8 MM - MONTAGEM. AF_01/2024 | C40: KG | D40: 67,1 | E40: Q = Conforme projeto estrutural. Q = 67,10
A41: 3.1.2.2.5 | B41: ARMAÇÃO DE SAPATA ISOLADA, VIGA BALDRAME E SAPATA CORRIDA UTILIZANDO AÇO CA-50 DE 10 MM - MONTAGEM. AF_01/2024 | C41: KG | D41: 1.021,7 | E41: Q = Conforme projeto estrutural. Q = 1.021,70
A42: 3.1.2.2.6 | B42: ARMAÇÃO DE BLOCO, SAPATA ISOLADA, VIGA BALDRAME E SAPATA CORRIDA UTILIZANDO AÇO CA-50 DE 12,5 MM - MONTAGEM. AF_01/2024 | C42: KG | D42: 428,0 | E42: Q = Conforme projeto estrutural. Q = 428,0
A43: 3.1.2.2.7 | B43: ARMAÇÃO DE BLOCO, SAPATA ISOLADA, VIGA BALDRAME E SAPATA CORRIDA UTILIZANDO AÇO CA-50 DE 16 MM - MONTAGEM. AF_01/2024 | C43: KG | D43: 453,5 | E43: Q = Conforme projeto estrutural. Q = 453,50
A44: 3.1.2.2.8 | B44: CONCRETO FCK = 25MPA, TRAÇO 1:2,3:2,7 (EM MASSA SECA DE CIMENTO/ AREIA MÉDIA/ BRITA 1) - PREPARO MECÂNICO COM BETONEIRA 600 L. AF_05/2021 | C44: m³ | D44: 26,91 | E44: V = Conforme projeto estrutural. V = 26,91
A45: 3.1.2.2.9 | B45: LANÇAMENTO COM USO DE BALDES, ADENSAMENTO E ACABAMENTO DE CONCRETO EM ESTRUTURAS. AF_02/2022 | C45: m³ | D45: 26,91 | E45: V = Conforme projeto estrutural. V = 26,91
A46: 3.1.2.2.10 | B46: IMPERMEABILIZAÇÃO DE SUPERFÍCIE COM EMULSÃO ASFÁLTICA, 2 DEMÃOS. AF_09/2023 | C46: m² | D46: 427,89 | E46: A = Conforme projeto estrutural. A = 427,89
A47: 3.1.3 | B47: SUPERESTRUTURA
A48: 3.1.3.1 | B48: PILARES
A49: 3.1.3.1.1 | B49: MONTAGEM E DESMONTAGEM DE FÔRMA DE PILARES RETANGULARES E ESTRUTURAS SIMILARES, PÉ-DIREITO SIMPLES, EM CHAPA DE MADEIRA COMPENSADA PLASTIFICADA, 18 UTILIZAÇÕES. AF_09/2020 | C49: m² | D49: 665,56 | E49: A = Conforme projeto estrutural. A = 560,44 + 105,12 A = 665,56
A50: 3.1.3.1.2 | B50: ARMAÇÃO DE PILAR OU VIGA DE ESTRUTURA CONVENCIONAL DE CONCRETO ARMADO UTILIZANDO AÇO CA-60 DE 5,0 MM - MONTAGEM. AF_06/2022 | C50: KG | D50: 1.307,7 | E50: Q = Conforme projeto estrutural. Q = 1.106,10 + 201,60 Q = 1.307,7
A51: 3.1.3.1.3 | B51: ARMAÇÃO DE PILAR OU VIGA DE ESTRUTURA CONVENCIONAL DE CONCRETO ARMADO UTILIZANDO AÇO CA-50 DE 10,0 MM - MONTAGEM. AF_06/2022 | C51: KG | D51: 2.224,2 | E51: Q = Conforme projeto estrutural. Q = 1.912,10 + 312,10 Q = 2.224,2
A52: 3.1.3.1.4 | B52: ARMAÇÃO DE PILAR OU VIGA DE ESTRUTURA CONVENCIONAL DE CONCRETO ARMADO UTILIZANDO AÇO CA-50 DE 12,5 MM - MONTAGEM. AF_06/2022 | C52: KG | D52: 166,2 | E52: Q = Conforme projeto estrutural. Q = 142,30 + 23,90 Q = 166,2
A53: 3.1.3.1.5 | B53: ARMAÇÃO DE PILAR OU VIGA DE ESTRUTURA CONVENCIONAL DE CONCRETO ARMADO UTILIZANDO AÇO CA-50 DE 16,0 MM - MONTAGEM. AF_06/2022 | C53: KG | D53: 245,3 | E53: Q = Conforme projeto estrutural. Q = 245,30
A54: 3.1.3.1.6 | B54: ARMAÇÃO DE PILAR OU VIGA DE ESTRUTURA CONVENCIONAL DE CONCRETO ARMADO UTILIZANDO AÇO CA-50 DE 20,0 MM - MONTAGEM. AF_06/2022 | C54: KG | D54: 29,7 | E54: Q = Conforme projeto estrutural. Q = 29,70
A55: 3.1.3.1.7 | B55: CONCRETO FCK = 25MPA, TRAÇO 1:2,3:2,7 (EM MASSA SECA DE CIMENTO/ AREIA MÉDIA/ BRITA 1) - PREPARO MECÂNICO COM BETONEIRA 400 L. AF_05/2021 | C55: m³ | D55: 50,82 | E55: V = Conforme projeto estrutural. V = 42,74 + 8,08 V = 50,82
A56: 3.1.3.1.8 | B56: LANÇAMENTO COM USO DE BALDES, ADENSAMENTO E ACABAMENTO DE CONCRETO EM ESTRUTURAS. AF_02/2022 | C56: m³ | D56: 50,82 | E56: V = Conforme projeto estrutural. V = 42,74 + 8,08 V = 50,82
A57: 3.1.3.2 | B57: VIGAS
A58: 3.1.3.2.1 | B58: MONTAGEM E DESMONTAGEM DE FÔRMA DE VIGA, ESCORAMENTO METÁLICO, PÉ-DIREITO SIMPLES, EM CHAPA DE MADEIRA PLASTIFICADA, 18 UTILIZAÇÕES. AF_09/2020 | C58: m² | D58: 451,46 | E58: A = Conforme projeto estrutural. A = 339,72 + 111,74 A = 451,46
A59: 3.1.3.2.2 | B59: ARMAÇÃO DE PILAR OU VIGA DE ESTRUTURA CONVENCIONAL DE CONCRETO ARMADO UTILIZANDO AÇO CA-60 DE 5,0 MM - MONTAGEM. AF_06/2022 | C59: KG | D59: 568,7 | E59: Q = Conforme projeto estrutural. Q = 416,40 + 152,30 Q = 568,7
A60: 3.1.3.2.3 | B60: ARMAÇÃO DE PILAR OU VIGA DE ESTRUTURA CONVENCIONAL DE CONCRETO ARMADO UTILIZANDO AÇO CA-50 DE 6,3 MM - MONTAGEM. AF_06/2022 | C60: KG | D60: 15,7 | E60: Q = Conforme projeto estrutural. Q = 15,70
A61: 3.1.3.2.4 | B61: ARMAÇÃO DE PILAR OU VIGA DE ESTRUTURA CONVENCIONAL DE CONCRETO ARMADO UTILIZANDO AÇO CA-50 DE 8,0 MM - MONTAGEM. AF_06/2022 | C61: KG | D61: 182,5 | E61: Q = Conforme projeto estrutural. Q = 46,20 + 136,30 Q = 182,5
A62: 3.1.3.2.5 | B62: ARMAÇÃO DE PILAR OU VIGA DE ESTRUTURA CONVENCIONAL DE CONCRETO ARMADO UTILIZANDO AÇO CA-50 DE 10,0 MM - MONTAGEM. AF_06/2022 | C62: KG | D62: 1.067,8 | E62: Q = Conforme projeto estrutural. Q = 783,80 + 284,0 Q = 1.067,8
A63: 3.1.3.2.6 | B63: ARMAÇÃO DE PILAR OU VIGA DE ESTRUTURA CONVENCIONAL DE CONCRETO ARMADO UTILIZANDO AÇO CA-50 DE 12,5 MM - MONTAGEM. AF_06/2022 | C63: KG | D63: 516,4 | E63: Q = Conforme projeto estrutural. Q = 516,40
A64: 3.1.3.2.7 | B64: ARMAÇÃO DE PILAR OU VIGA DE ESTRUTURA CONVENCIONAL DE CONCRETO ARMADO UTILIZANDO AÇO CA-50 DE 16,0 MM - MONTAGEM. AF_06/2022 | C64: KG | D64: 494,8 | E64: Q = Conforme projeto estrutural. Q = 494,80
A65: 3.1.3.2.8 | B65: LANÇAMENTO COM USO DE BALDES, ADENSAMENTO E ACABAMENTO DE CONCRETO EM ESTRUTURAS. AF_02/2022 | C65: m³ | D65: 30,28 | E65: V = Conforme projeto estrutural. V = 23,83 + 6,45 V = 30,28
A66: 3.1.3.2.9 | B66: CONCRETO FCK = 25MPA, TRAÇO 1:2,3:2,7 (EM MASSA SECA DE CIMENTO/ AREIA MÉDIA/ BRITA 1) - PREPARO MECÂNICO COM BETONEIRA 600 L. AF_05/2021 | C66: m³ | D66: 30,28 | E66: V = Conforme projeto estrutural. V = 23,83 + 6,45 V = 30,28
A67: 3.1.3.3 | B67: LAJES
A68: 3.1.3.3.1 | B68: MONTAGEM E DESMONTAGEM DE FÔRMA DE LAJE MACIÇA, PÉ-DIREITO SIMPLES, EM CHAPA DE MADEIRA COMPENSADA PLASTIFICADA, 18 UTILIZAÇÕES. AF_09/2020 | C68: m² | D68: 332,85 | E68: A = Conforme projeto estrutural. A = 332,85
A69: 3.1.3.3.2 | B69: ARMAÇÃO DE LAJE DE ESTRUTURA CONVENCIONAL DE CONCRETO ARMADO UTILIZANDO AÇO CA-60 DE 5,0 MM - MONTAGEM. AF_06/2022 | C69: KG | D69: 331,1 | E69: Q = Conforme projeto estrutural. Q = 331,10
A70: 3.1.3.3.3 | B70: ARMAÇÃO DE LAJE DE ESTRUTURA CONVENCIONAL DE CONCRETO ARMADO UTILIZANDO AÇO CA-50 DE 6,3 MM - MONTAGEM. AF_06/2022 | C70: KG | D70: 150,4 | E70: Q = Conforme projeto estrutural. Q = 150,40
A71: 3.1.3.3.4 | B71: ARMAÇÃO DE LAJE DE ESTRUTURA CONVENCIONAL DE CONCRETO ARMADO UTILIZANDO AÇO CA-50 DE 8,0 MM - MONTAGEM. AF_06/2022 | C71: KG | D71: 968,2 | E71: Q = Conforme projeto estrutural. Q = 968,20
A72: 3.1.3.3.5 | B72: ARMAÇÃO DE LAJE DE ESTRUTURA CONVENCIONAL DE CONCRETO ARMADO UTILIZANDO AÇO CA-50 DE 10,0 MM - MONTAGEM. AF_06/2022 | C72: KG | D72: 419,2 | E72: Q = Conforme projeto estrutural. Q = 419,20
A73: 3.1.3.3.6 | B73: ARMAÇÃO DE LAJE DE ESTRUTURA CONVENCIONAL DE CONCRETO ARMADO UTILIZANDO AÇO CA-50 DE 12,5 MM - MONTAGEM. AF_06/2022 | C73: KG | D73: 270,1 | E73: Q = Conforme projeto estrutural. Q = 270,10
A74: 3.1.3.3.7 | B74: CONCRETO FCK = 30MPA, TRAÇO 1:2,1:2,5 (EM MASSA SECA DE CIMENTO/ AREIA MÉDIA/ BRITA 1) - PREPARO MECÂNICO COM BETONEIRA 400 L. AF_05/2021 | C74: m³ | D74: 38,63 | E74: V = Conforme projeto estrutural. V = 38,63
A75: 3.1.3.3.8 | B75: LANÇAMENTO COM USO DE BALDES, ADENSAMENTO E ACABAMENTO DE CONCRETO EM ESTRUTURAS. AF_02/2022 | C75: m³ | D75: 38,63 | E75: V = Conforme projeto estrutural. V = 38,63
A76: 3.2 | B76: ELEVAÇÃO
A77: 3.2.1 | B77: ALVENARIA DE VEDAÇÃO DE BLOCOS CERÂMICOS FURADOS NA HORIZONTAL DE 9X19X19 CM (ESPESSURA 9 CM) E ARGAMASSA DE ASSENTAMENTO COM PREPARO EM BETONEIRA. AF_12/2021 | C77: m² | D77: 1.808,68 | E77: A = Área de alvenaria de vedação. A = Área externa + área interna A = (1.170,90) + (27,35 x 3) + (3,15 x 3,0 x 4,0) + (20,70 x 1,20) + (11,30 x 2,30) + (17,50 + 5,50 + 3,15 + 3,15 + 21,15 + 21,15 + 15 + 25,90 + 26,90 + 16,30) x 3,0 A = 1.170,90 + 82,05 + 37,8 + 24,84 + 25,99 + 467,10 A = 1.808,68
A78: 3.2.2 | B78: FIXAÇÃO (ENCUNHAMENTO) DE ALVENARIA DE VEDAÇÃO COM ARGAMASSA APLICADA COM BISNAGA. AF_03/2024 | C78: M | D78: 350,0 | E78: C = Comprimento de fixação C = 350,0
A79: 3.2.3 | B79: ALVENARIA DE VEDAÇÃO COM ELEMENTO VAZADO DE CONCRETO (COBOGÓ) DE 7X50X50CM E ARGAMASSA DE ASSENTAMENTO COM PREPARO EM BETONEIRA. AF_05/2020 | C79: m² | D79: 88,3 | E79: A = Área de cobogó. A = 44,60 + (4,75 x 4,0 x 2,30) A = 88,3
A80: 3.3 | B80: COBERTURA
A81: 3.3.1 | B81: ESTRUTURA TELHADO
A82: 3.3.1.1 | B82: TRAMA DE AÇO COMPOSTA POR TERÇAS PARA TELHADOS DE ATÉ 2 ÁGUAS PARA TELHA ONDULADA DE FIBROCIMENTO, METÁLICA, PLÁSTICA OU TERMOACÚSTICA, INCLUSO TRANSPORTE VERTICAL. AF_07/2019 | C82: m² | D82: 1.635,98 | E82: A = Área de trama de aço para cobertura do mercado apoiada sobre as tesouras. A = 1.635,98
A83: 3.3.1.2 | B83: Treliça metálica Pratt, em perfis UDC127x50x5,13kg/m, diagonais tracionadas, p/ telhados em duas águas sem lanternin, vãos 10,01 a 20,00m, pintura 01 demão de epoxi fundo óxido de ferro + 02 demãos esmalte epoxi branco - Executada | C83: m | D83: 384,0 | E83: C = Comprimento das tesouras metálicas para a cobertura do mercado interno. C = (22 tesouras x 17,0 metros de vão) + (2 tesouras x 5,0 metros de vão) C = 374,0 + 10,0 C = 384,0
A84: 3.3.2 | B84: TELHAMENTO
A85: 3.3.2.1 | B85: TELHAMENTO COM TELHA ONDULADA DE FIBROCIMENTO E = 6 MM, COM RECOBRIMENTO LATERAL DE 1 1/4 DE ONDA PARA TELHADO COM INCLINAÇÃO MÁXIMA DE 10°, COM ATÉ 2 ÁGUAS, INCLUSO IÇAMENTO. AF_07/2019 | C85: m² | D85: 1.592,75 | E85: A = Área de telhamento com telha metálica para cobertura do mercado conforme indicado na planta de cobertura A = 1.592,75
A86: 3.3.2.2 | B86: TELHAMENTO COM TELHA DE AÇO/ALUMÍNIO E = 0,5 MM, COM ATÉ 2 ÁGUAS, INCLUSO IÇAMENTO. AF_07/2019 | C86: m² | D86: 43,22 | E86: A = Área de telhamento com telha fibrocimento para cobertura do mercado conforme indicado na planta de cobertura A = 43,22
A87: 3.3.3 | B87: RUFOS / CALHAS / CHAPIM
A88: 3.3.3.1 | B88: CALHA EM CHAPA DE AÇO GALVANIZADO NÚMERO 24, DESENVOLVIMENTO DE 50 CM, INCLUSO TRANSPORTE VERTICAL. AF_07/2019 | C88: M | D88: 160,29 | E88: C = Comprimento das calhas de aço galvanizado da cobertura do mercado conforme indicado no projeto arquitetônico. C = (49,70 + 49,70 + 44,20 + 3,97 + 2,35 + 4,05 + 2,35 + 3,97) C = 160,29
A89: 3.3.3.2 | B89: CHAPIM (RUFO CAPA) EM AÇO GALVANIZADO, CORTE 33. AF_11/2020 | C89: M | D89: 173,94 | E89: C = Comprimento da pingadeira no topo da platibanda da edificação. C = (50,0 + 34,70 + 50,0 + 4,12 + 2,35 + 3,75 + 2,35 + 26,67) C = 173,94
A90: 3.3.3.3 | B90: RUFO EM CHAPA DE AÇO GALVANIZADO NÚMERO 24, CORTE DE 25 CM, INCLUSO TRANSPORTE VERTICAL. AF_07/2019 | C90: M | D90: 95,2 | E90: C = Comprimento do algeroz na cobertura do mercado conforme indicado na planta de cobertura. C = (22,0 + 5,50 + 11,90 + 34,20) + (4,80 + 12,0 + 4,80) C = 95,20
A91: 3.4 | B91: REVESTIMENTOS
A92: 3.4.1 | B92: REVESTIMENTO INTERNO
A93: 3.4.1.1 | B93: CHAPISCO APLICADO EM ALVENARIAS E ESTRUTURAS DE CONCRETO INTERNAS, COM COLHER DE PEDREIRO. ARGAMASSA TRAÇO 1:3 COM PREPARO EM BETONEIRA 400L. AF_10/2022 | C93: m² | D93: 2.678,46 | E93: A = Área de chapisco aplicado nos ambientes internos do mercado (A1) + Área de chapisco aplicado nas tarimbas (A2) + Área de chapisco aplicado nos quiosques internos (A3) + Área de chapisco aplicado nas lojas (A4) + Área de chapisco aplicado nos banheiros (A5) - Desconto das esquadrias (A6). A1 = (22,55 + 29,70 + 4,15 + 2,40)x(5,85) + (4,10 + 2,35 + 3,75 + 3,15)x(2,50) + (5,50 + 8,0)x(3,70) + (12,15 + 21,74 + 21,65 + 12,0 + 21,65 + 12,0)x(4,0) + (9,70 + 9,70 + 2,90 + 2,90 + 6,0)x(7,20) + (10,15 + 4,80 + 5,65 + 6,30 + 6,15 + 10,15)x(4,50) + (1,75 + 13,95)x(5,35) + (20,75 + 3,30 + 4,80 + 10,15 + 10,15 + 5,65 + 10,15 + 10,15 + 6,30 + 10,15 + 4,90 + 0,35 + 0,20 + 0,35 + 5,05 + 6,15)x(3,0) + (4,80 + 5,65 + 6,30 + 6,15 + 10,15 + 10,15)x(4,55) A1 = 1.857,31 A2 = (3,25 + 0,15 + 3,25)x(1,50)x(5,0 Tarimbas) + (2,65 + 0,15 + 2,65 + 0,15)x(1,50) + (2,40 + 3,07 + 2,65 + 2,65 + 3,07 + 2,40 + 2,40 + 3,07 + 2,65 + 3,07 + 2,65 + 2,25 + 3,07 + 2,65 + 2,25)x(1,10)x(2,0 Lados) + (2,77 + 2,30 + 0,15 + 2,30 + 2,88 + 2,30 + 0,15 + 2,88 + 2,30 + 0,15 + 2,30 + 2,95 + 2,30 + 0,15 + 2,30 + 2,77 + 2,30 + 0,15 + 2,30 + 2,88 + 2,30 + 0,15 + 2,88 + 2,30 + 0,15 + 2,30 + 2,95 + 2,30 + 0,15 + 2,30)x(2,30) A2 = 276,56 A3 = (Quiosque 01 + Quiosque 02 + Quiosque 03 + Quiosque 04 + Quiosque 05) A3 = (3,15 + 4,0 + 3,15)x(2,50)x(5,0 quiosques) + (4,0 + 4,0)x(1,10)x(5,0 quiosques) + (20,60 + 3,0 + 20,60 + 3,0)x(0,40) A3 = 191,63 A4 = (4,65 + 4,93 + 4,65 + 4,93)x(2,55)x(8,0 Lojas) + (4,65 + 10,0)x(0,35)x(2,0) + (10,0 + 5,35 + 10,0)x(0,35)x(2,0) A4 = 418,86 A5 = (WC. Fem + WC PCD Fem + WC PCD Masc + WC Masc.) WC. Fem = (5,35 + 3,95 + 5,35 + 3,95)x(3,25) WC PCD Fem = (3,0 + 1,80 + 3,0 + 1,80)x(3,25) WC PCD Masc = (3,0 + 1,80 + 3,0 + 1,80)x(3,25) WC. Fem = (3,97 + 5,35 + 3,97 + 5,35)x(4,0) A5 = (60,45 + 31,20 + 31,20 + 74,56) A5 = 197,41 A6 = (10,0xP01 + 1,0xP1 + 16,0xP2 + 4,0xP03 + 4,0xP04) + (11,0xV1 + 2,0xJ01 + 2,0xJ02 + 2,0xC1 + 1,0xC2 + 1,0xC3 + 1,0xC4) A6 = (10,0x0,86x2,10 + 1,0x5,40x2,30 + 16,0x3,0x2,10 + 4,0x0,86x2,10 + 4,0x0,96x2,10) + (11,0x3,0x2,10 + 2,0x2,0x0,80 + 2,0x0,60x0,60 + 2,0x17,85x0,40 + 1,0x19,65x0,50 + 1,0x27,70x0,40 + 1,0x20,85x0,40) A6 = (146,57 + 116,74) A6 = 263,31 A = (1.857,31 + 276,56 + 191,63 + 418,86 + 197,41 - 263,31) A = 2.678,46
A94: 3.4.1.2 | B94: MASSA ÚNICA, EM ARGAMASSA TRAÇO 1:2:8, PREPARO MECÂNICO, APLICADA MANUALMENTE EM PAREDES INTERNAS DE AMBIENTES COM ÁREA MAIOR QUE 10M², E = 17,5MM, COM TALISCAS. AF_03/2024 | C94: m² | D94: 2.150,84 | E94: A = Área de massa única aplicada nos quiosques (A1) + Área de massa única aplicada na área interna do mercado (A2) + Área de massa única no açougue e nas tarimbas inferiores (A3) + Área de massa única aplicada nas lojas (A4) - Desconto das esqudarias (A5). A1 = (3,15 + 4,0 + 3,15)x(1,30)x(5,0) + (20,90)x(1,0) + (20,90)x(0,40) + (3,80 + 20,90)x(3,0) A1 = 170,31 A2 = (1,20 + 29,70 + 22,55)x(5,85) + (5,50 + 8,02)x(3,70) + (4,13)x(5,85) + (4,13 + 2,35 + 5,50)x(2,15) + (2,40)x(5,85) + (12,15 + 21,80 + 7,10 + 9,45)x(4,0) + (13,95 + 19,25)x(5,35) + (9,70 + 2,90 + 2,90 + 6,0 + 9,70)x(7,20) + (10,15 + 4,80 + 5,65 + 6,30 + 6,15 + 10,15)x(4,50) A2 = 1.225,32 A3 = (7,35 + 2,85 + 8,0 + 3,0 + 12,0 + 3,0 + 5,67 + 5,67 + 3,0 + 12,0)x(4,35) + (2,77 + 2,77 + 2,88 + 2,88 + 2,88 + 2,88 + 2,95 + 2,95)x(2,30) A3 = 324,86 A4 = (4,93 + 4,65 + 4,93 + 4,65)x(2,55)x(2,0) + (4,93 + 5,35 + 4,93 + 5,35)x(2,55)x(2,0) + (4,93 + 6,0 + 4,93 + 6,0)x(2,55)x(2,0) + (4,93 + 6,0 + 4,93 + 6,0)x(2,55)x(2,0) + (6,15 + 10,15)x(3,0) + (10,15 + 6,30 + 10,15)x(3,0) + (10,15 + 5,65 + 10,15)x(3,0) + (4,80 + 10,15)x(3,0) A4 = 676,94 A5 = (10,0xP01 + 1,0xP1 + 16,0xP2 + 2,0xP3 + 2,0xP4) + (11,0xV1 + 2,0xC1 + 1,0xC2 + 1,0xC3 + 1,0xC4) A5 = ((5,0x0,86x2,10 + 5,0x0,86x0,90) + 1,0x5,40x2,30 + 16,0x3,0x2,10 + 2,0x0,86x2,10 + 2,0x0,96x2,10) + (11,0x3,0x2,10 + 2,0x17,85x0,40 + 1,0x19,65x0,50 + 1,0x27,70x0,40 + 1,0x20,85x0,40) A5 = (133,76 + 112,83) A5 = 246,59 A = (170,31 + 1.225,32 + 324,86 + 676,94 - 246,59) A = 2.150,84
A95: 3.4.1.3 | B95: EMBOÇO, EM ARGAMASSA TRAÇO 1:2:8, PREPARO MECÂNICO, APLICADO MANUALMENTE EM PAREDES INTERNAS DE AMBIENTES COM ÁREA ENTRE 5M² E 10M², E = 17,5MM, COM TALISCAS. AF_03/2024 | C95: m² | D95: 527,62 | E95: A = Área de emboço igual a área de chapisco - massa única. A = 2.678,46 - 2.150,84 A = 527,62
A96: 3.4.1.4 | B96: REVESTIMENTO CERÂMICO PARA PAREDES INTERNAS COM PLACAS TIPO ESMALTADA DE DIMENSÕES 33X45 CM APLICADAS NA ALTURA INTEIRA DAS PAREDES. AF_02/2023_PE | C96: m² | D96: 527,62 | E96: A = Revestimento ceramico igual a área de emboço. A = 527,62
A97: 3.4.2 | B97: REVESTIMENTO EXTERNO
A98: 3.4.2.1 | B98: CHAPISCO APLICADO EM ALVENARIA (COM PRESENÇA DE VÃOS) E ESTRUTURAS DE CONCRETO DE FACHADA, COM COLHER DE PEDREIRO. ARGAMASSA TRAÇO 1:3 COM PREPARO EM BETONEIRA 400L. AF_10/2022 | C98: m² | D98: 1.240,76 | E98: A = Área de chapisco aplicado nas facahadas lateriais e frontais da edificação (A1) - Desconto das esquadrias (A2). A1 = Fachada esquerda + Fachada direita + Fachada frontal + Fachada posterior) Fachada esquerda = (50,0x6,38 + 50,0x2,41x0,50) Fachada direita = (50,0x6,34 + 50,0x2,45x0,50) Fachada Frontal = (0,35 + 1,20 + 11,75 + 1,20 + 0,35 + 1,20 + 22,55)x(8,0) Fachada posterior = (26,97 + 2,35 + 3,75 + 2,35 + 4,27)x(6,38) A1 = (379,25 + 378,25 + 308,8 + 253,22) A1 = 1.319,52 A2 = (1,0xP1) + (2,0xC1 + 1,0xC2 + 1,0xC3 + 1,0xC4 + 3,0xV1 + 2,0xJ1 + 2,0xJ2) A2 = (1,0x5,40x2,30) + (2,0x17,85x0,40 + 1,0x19,65x0,50 + 1,0x27,70x0,40 + 1,0x20,85x0,40 + 3,0x3,0x2,10 + 2,0x2,0x0,80 + 2,0x0,60x0,60) A2 = (12,42 + 66,34) A2 = 78,76 A = (1.319,52 - 78,76) A = 1.240,76
A99: 3.4.2.2 | B99: EMBOÇO OU MASSA ÚNICA EM ARGAMASSA TRAÇO 1:2:8, PREPARO MECÂNICO COM BETONEIRA 400 L, APLICADA MANUALMENTE EM PANOS DE FACHADA COM PRESENÇA DE VÃOS, ESPESSURA DE 25 MM. AF_08/2022 | C99: m² | D99: 1.240,76 | E99: A = Área de massa única aplicado nas facahadas lateriais e frontais da edificação (A1) - Desconto das esquadrias (A2). A1 = Fachada esquerda + Fachada direita + Fachada frontal + Fachada posterior) Fachada esquerda = (50,0x6,38 + 50,0x2,41x0,50) Fachada direita = (50,0x6,34 + 50,0x2,45x0,50) Fachada Frontal = (0,35 + 1,20 + 11,75 + 1,20 + 0,35 + 1,20 + 22,55)x(8,0) Fachada posterior = (26,97 + 2,35 + 3,75 + 2,35 + 4,27)x(6,38) A1 = (379,25 + 378,25 + 308,8 + 253,22) A1 = 1.319,52 A2 = (1,0xP1) + (2,0xC1 + 1,0xC2 + 1,0xC3 + 1,0xC4 + 3,0xV1 + 2,0xJ1 + 2,0xJ2) A2 = (1,0x5,40x2,30) + (2,0x17,85x0,40 + 1,0x19,65x0,50 + 1,0x27,70x0,40 + 1,0x20,85x0,40 + 3,0x3,0x2,10 + 2,0x2,0x0,80 + 2,0x0,60x0,60) A2 = (12,42 + 66,34) A2 = 78,76 A = (1.319,52 - 78,76) A = 1.240,76
A100: 3.5 | B100: INSTALAÇÕES HIDRÁULICAS
A101: 3.5.1 | B101: CONEXÕES
A102: 3.5.1.1 | B102: CAIXA D´ÁGUA EM POLIETILENO, 2000 LITROS - FORNECIMENTO E INSTALAÇÃO. AF_06/2021 | C102: UN | D102: 3,0 | E102: Q = conforme projeto hidraulico. Q = 3,0
...

Sheet CPUs
A1: Obra: | B1: ='Memória de Cálculo'!B1 -> CONSTRUÇÃO DO MERCADO PÚBLICO DE LAGOA DE DENTRO-PB. | E1: Valor da Obra: | G1: Valor de Repasse:
A2: Endereço da obra: | B2: ='Memória de Cálculo'!B2 -> LAGOA DE DENTRO-PB. | E2: 3253548.9 | G2: 3250301
A3: Fonte de dados: | B3: ='Memória de Cálculo'!B3 -> SINAPI - 09/2025 / ORSE - 09/2025 | E3: BDI: | G3: Contrapartida:
A4: Encargos Socias: | B4: ='Memória de Cálculo'!B4 -> Não desonerados - Horista:113,60% Mensalista: 69,85%) | E4: ='Memória de Cálculo'!$C$4 -> 0.2034 | G4: =E2-G2 -> 3247.91 | H4: ='Memória de Cálculo'!E4 -> ESTADO DA PARAÍBA PREFEITURA MUNICIPAL DE LAGOA DE DENTRO
A6: COMPOSIÇÕES ANALÍTICAS COM PREÇO UNITÁRIO
A7: Composições Principais
A9: 3.7.2.1 | B9: Código | C9: Banco | D9: Descrição | E9: Tipo | G9: Und | H9: Quant. | I9: Valor Unit | J9: Total
A10: Composição | B10: C01-DPS | C10: Próprio | D10: DISPOSITIVO DE PROTEÇÃO CONTRA SURTOS 20KA (DPS) - 275V. REF. ORSE/13150 | E10: INEL - INSTALAÇÃO ELÉTRICA/ELETRIFICAÇÃO E ILUMINAÇÃO EXTERNA | G10: UN | H10: 1 | I10: 74.17 | J10: 74.17
A11: Composição Auxiliar | B11: 88316 | C11: SINAPI | D11: SERVENTE COM ENCARGOS COMPLEMENTARES | E11: Livro SINAPI: Cálculos e Parâmetros | G11: H | H11: 0.3 | I11: 21.32 | J11: 6.4
A12: Composição Auxiliar | B12: 88264 | C12: SINAPI | D12: ELETRICISTA COM ENCARGOS COMPLEMENTARES | E12: Livro SINAPI: Cálculos e Parâmetros | G12: H | H12: 0.3 | I12: 27.28 | J12: 8.18
A13: Insumo | B13: 00039469 | C13: SINAPI | D13: DISPOSITIVO DPS CLASSE II, 1 POLO, TENSAO MAXIMA DE 275 V, CORRENTE MAXIMA DE *20* KA (TIPO AC) | E13: Material | G13: UN | H13: 1 | I13: 59.59 | J13: 59.59
E14: MO sem LS => | F14: 11.41 | G14: LS => | H14: 0 | I14: MO com LS => | J14: 11.41
E15: Valor do BDI => | F15: 15.09 | H15: Valor com BDI => | J15: 89.26
A17: 3.7.5.2 | B17: Código | C17: Banco | D17: Descrição | E17: Tipo | G17: Und | H17: Quant. | I17: Valor Unit | J17: Total
A18: Composição | B18: C18 | C18: Próprio | D18: LUMINÁRIA EM LED DE EMBUTIR 48W, FORNECIMENTO E INSTALAÇÃO | E18: INEL - INSTALAÇÃO ELÉTRICA/ELETRIFICAÇÃO E ILUMINAÇÃO EXTERNA | G18: und | H18: 1 | I18: 192.9 | J18: 192.9
A19: Composição Auxiliar | B19: 88316 | C19: SINAPI | D19: SERVENTE COM ENCARGOS COMPLEMENTARES | E19: Livro SINAPI: Cálculos e Parâmetros | G19: H | H19: 1.5 | I19: 21.32 | J19: 31.98
A20: Composição Auxiliar | B20: 88264 | C20: SINAPI | D20: ELETRICISTA COM ENCARGOS COMPLEMENTARES | E20: Livro SINAPI: Cálculos e Parâmetros | G20: H | H20: 1.5 | I20: 27.28 | J20: 40.92
A21: Insumo | B21: 00000046 | C21: Próprio | D21: PLAFON DE LED DE EMBUTIR 48W | E21: Material | G21: und | H21: 1 | I21: 120 | J21: 120
E22: MO sem LS => | F22: 57.04 | G22: LS => | H22: 0 | I22: MO com LS => | J22: 57.04
E23: Valor do BDI => | F23: 39.24 | H23: Valor com BDI => | J23: 232.14
A25: 3.14.2 | B25: Código | C25: Banco | D25: Descrição | E25: Tipo | G25: Und | H25: Quant. | I25: Valor Unit | J25: Total
A26: Composição | B26: CPU-002 | C26: Próprio | D26: BANCADA EM GRANITO CINZA ANDORINHA E=2CM. REF. ORSE/10759 | E26: REVE - REVESTIMENTO E TRATAMENTO DE SUPERFÍCIES | G26: m² | H26: 1 | I26: 583.14 | J26: 583.14
A27: Composição Auxiliar | B27: 88316 | C27: SINAPI | D27: SERVENTE COM ENCARGOS COMPLEMENTARES | E27: Livro SINAPI: Cálculos e Parâmetros | G27: H | H27: 1.14 | I27: 21.32 | J27: 24.3
A28: Composição Auxiliar | B28: 88309 | C28: SINAPI | D28: PEDREIRO COM ENCARGOS COMPLEMENTARES | E28: Livro SINAPI: Cálculos e Parâmetros | G28: H | H28: 0.65 | I28: 26.91 | J28: 17.49
A29: Insumo | B29: 00011795 | C29: SINAPI | D29: GRANITO PARA BANCADA, POLIDO, TIPO ANDORINHA/ QUARTZ/ CASTELO/ CORUMBA OU OUTROS EQUIVALENTES DA REGIAO, E= *2,5* CM | E29: Material | G29: m² | H29: 1 | I29: 528.3 | J29: 528.3
A30: Insumo | B30: 00000586 | C30: SINAPI | D30: CANTONEIRA EM ALUMINIO, ABAS IGUAIS, LARGURA DE 25,40 MM (1"), ESPESSURA DE 4,76 MM (3/16") E PESO LINEAR DE APROXIMADAMENTE 0,593 KG/M | E30: Material | G30: M | H30: 0.6 | I30: 21.75 | J30: 13.05
E31: MO sem LS => | F31: 32.37 | G31: LS => | H31: 0 | I31: MO com LS => | J31: 32.37
E32: Valor do BDI => | F32: 118.61 | H32: Valor com BDI => | J32: 701.75
A34: 5.4.1 | B34: Código | C34: Banco | D34: Descrição | E34: Tipo | G34: Und | H34: Quant. | I34: Valor Unit | J34: Total
A35: Composição | B35: 082024 | C35: Próprio | D35: LIXEIRA COM ESTRUTURA DE AÇO GALVANIZADO (1 TUBO CENTRAL) E CESTO EM TÁBUAS DE MADEIRA DE LEI | E35: ASTU - ASSENTAMENTO DE TUBOS E PECAS | G35: UNID | H35: 1 | I35: 880.03 | J35: 880.03
A36: Composição Auxiliar | B36: 101616 | C36: SINAPI | D36: PREPARO DE FUNDO DE VALA COM LARGURA MENOR QUE 1,5 M (ACERTO DO SOLO NATURAL). AF_08/2020 | E36: Escoramento e Preparo de Fundo de Valas | G36: m² | H36: 0.125 | I36: 6.23 | J36: 0.78
A37: Composição Auxiliar | B37: 92873 | C37: SINAPI | D37: LANÇAMENTO COM USO DE BALDES, ADENSAMENTO E ACABAMENTO DE CONCRETO EM ESTRUTURAS. AF_12/2015 | E37: FUES - FUNDAÇÕES E ESTRUTURAS | G37: m³ | H37: 0 | I37: 218.19 | J37: 0
A38: Composição Auxiliar | B38: 93358 | C38: SINAPI | D38: ESCAVAÇÃO MANUAL DE VALA. AF_09/2024 | E38: Escavação de Valas | G38: m³ | H38: 0.03 | I38: 84.34 | J38: 2.53
A39: Composição Auxiliar | B39: 102474 | C39: SINAPI | D39: CONCRETO FCK = 15MPA, TRAÇO 1:3,4:3,4 (EM MASSA SECA DE CIMENTO/ AREIA MÉDIA/ SEIXO ROLADO) - PREPARO MECÂNICO COM BETONEIRA 400 L. AF_05/2021 | E39: Produção de Concreto | G39: m³ | H39: 0.03 | I39: 590.67 | J39: 17.72
A40: Insumo | B40: 001223 | C40: Próprio | D40: Lixeira com estrutura de aço galvanizado (1 tubo central) e cesto em tábuas de madeira de lei | E40: Equipamento | G40: un | H40: 1 | I40: 859 | J40: 859
E41: MO sem LS => | F41: 4.3 | G41: LS => | H41: 0 | I41: MO com LS => | J41: 4.3
E42: Valor do BDI => | F42: 179 | H42: Valor com BDI => | J42: 1059.03
A44: Composições Auxiliares

Sheet COTAÇÃO
A1: Obra: | B1: ='Memória de Cálculo'!$B$1 -> CONSTRUÇÃO DO MERCADO PÚBLICO DE LAGOA DE DENTRO-PB. | E1: Valor da Obra:
A2: Endereço da obra: | B2: ='Memória de Cálculo'!$B$2 -> LAGOA DE DENTRO-PB. | E2: 3253548.9
A3: Fonte de dados: | B3: ='Memória de Cálculo'!$B$3 -> SINAPI - 09/2025 / ORSE - 09/2025 | E3: BDI: | F3: ESTADO DA PARAÍBA PREFEITURA MUNICIPAL DE LAGOA DE DENTRO
A4: Encargos Socias: | B4: ='Memória de Cálculo'!$B$4 -> Não desonerados - Horista:113,60% Mensalista: 69,85%) | E4: 0.2034
A5: 3
A6: COTAÇÃO
A8: EMPRESAS FORNECEDORAS:
A9: CÓDIGO | D9: DESCRIÇÃO | F9: MEDIANA | G9: ÍNDICE RETROAÇÃO
A10: 02 | D10: LUMINÁRIA PLAFON 24W LED EMBUTIR | F10: 44
A11: EMPRESA | B11: CNPJ | C11: FONE | D11: NOME DA EMPRESA | F11: COTAÇÕES | G11: DATA COTAÇÃO
A12: E001 | B12: 11.580.441/0001-36 | C12: (83)3421-5901 | D12: ELETROLASER | F12: 47 | G12: 01/25
A13: E002 | B13: 08.293.785/0001-40 | C13: (83)3421-7422 | D13: CENTRAL DA CONSTRUÇÃO | F13: R$ 39,10 | G13: 01/25
A14: E003 | B14: 15.639.627/0001-64 | C14: (83)3421-4223 | D14: GRUPO BARBOSA | F14: 44 | G14: 01/25
A15: OBSERVAÇÕES:

Sheet CFF
A1: Obra: | B1: ='Memória de Cálculo'!B1 -> CONSTRUÇÃO DO MERCADO PÚBLICO DE LAGOA DE DENTRO-PB. | H1: Valor da Obra: | J1: Valor de Repasse:
A2: Endereço da obra: | B2: ='Memória de Cálculo'!B2 -> LAGOA DE DENTRO-PB. | H2: 3253548.9 | J2: 3250301
A3: Fonte de dados: | B3: ='Memória de Cálculo'!B3 -> SINAPI - 09/2025 / ORSE - 09/2025 | H3: BDI: | J3: Contrapartida:
A4: Encargos Socias: | B4: ='Memória de Cálculo'!B4 -> Não desonerados - Horista:113,60% Mensalista: 69,85%) | H4: ='Memória de Cálculo'!$C$4 -> 0.2034 | J4: =H2-J2 -> 3247.91 | K4: ='Memória de Cálculo'!E4 -> ESTADO DA PARAÍBA PREFEITURA MUNICIPAL DE LAGOA DE DENTRO
A6: CRONOGRAMA FÍSICO-FINANCEIRO
A8: Item | B8: Descrição | C8: Total Por Etapa | D8: 30 DIAS | E8: 60 DIAS | F8: 90 DIAS | G8: 120 DIAS | H8: 150 DIAS | I8: 180 DIAS | J8: 210 DIAS | K8: 240 DIAS | L8: 270 DIAS | M8: 300 DIAS
A9: 1 | B9: SERVIÇOS PRELIMINARES | C9: 100,00% 4.485,12 | D9: 100,00% 4.485,12
A10: 2 | B10: MOVIMENTO DE TERRA E CONTENÇÕES | C10: 100,00% 380.630,38 | D10: 75,00% 285.472,79 | E10: 25,00% 95.157,60
A11: 3 | B11: MERCADO (PRÉDIO PRINCIPAL) | C11: 100,00% 2.340.081,99 | D11: 2,51% 58.782,93 | E11: 10,05% 235.131,72 | F11: 12,75% 298.304,05 | G11: 15,06% 352.386,96 | H11: 17,71% 414.485,58 | I11: 17,61% 411.983,95 | J11: 12,95% 302.932,76 | K11: 7,80% 182.611,65 | M11: 3,57% 83.462,39
A12: 3.1 | B12: ESTRUTURA | C12: 100,00% 587.829,31 | D12: 10,00% 58.782,93 | E12: 40,00% 235.131,72 | F12: 30,00% 176.348,79 | G12: 20,00% 117.565,86
A13: 3.2 | B13: ELEVAÇÃO | C13: 100,00% 231.281,57 | F13: 35,00% 80.948,55 | G13: 35,00% 80.948,55 | H13: 30,00% 69.384,47
A14: 3.3 | B14: COBERTURA | C14: 100,00% 449.540,10 | H14: 40,00% 179.816,04 | I14: 40,00% 179.816,04 | J14: 20,00% 89.908,02
A15: 3.4 | B15: REVESTIMENTOS | C15: 100,00% 258.537,05 | G15: 50,00% 129.268,53 | H15: 25,00% 64.634,26 | I15: 25,00% 64.634,26
A16: 3.5 | B16: INSTALAÇÕES HIDRÁULICAS | C16: 100,00% 24.780,53 | F16: 50,00% 12.390,27 | G16: 30,00% 7.434,16 | H16: 20,00% 4.956,11
A17: 3.6 | B17: INSTALAÇÕES SANITÁRIAS | C17: 100,00% 57.232,88 | F17: 50,00% 28.616,44 | G17: 30,00% 17.169,86 | H17: 20,00% 11.446,58
A18: 3.7 | B18: INSTALAÇÕES ELÉTRICAS | C18: 100,00% 206.924,05 | H18: 30,00% 62.077,22 | I18: 30,00% 62.077,22 | J18: 40,00% 82.769,62
A19: 3.8 | B19: COMBATE A INCÊNDIO E PÂNICO | C19: 100,00% 33.545,57 | I19: 50,00% 16.772,79 | M19: 50,00% 16.772,79
A20: 3.9 | B20: PAVIMENTAÇÃO | C20: 100,00% 221.709,11 | H20: 10,00% 22.170,91 | I20: 40,00% 88.683,64 | J20: 50,00% 110.854,56
A21: 3.10 | B21: ESQUADRIAS | C21: 100,00% 32.334,28 | J21: 60,00% 19.400,57 | K21: 40,00% 12.933,71
A22: 3.11 | B22: FORRO | C22: 100,00% 2.948,64 | K22: 100,00% 2.948,64
A23: 3.12 | B23: PINTURA | C23: 100,00% 154.675,41 | K23: 100,00% 154.675,41
A24: 3.13 | B24: RAMPA | C24: 100,00% 12.053,89 | K24: 100,00% 12.053,89
A25: 3.14 | B25: LOUÇAS E METAIS | C25: 100,00% 66.689,60 | M25: 100,00% 66.689,60
A26: 4 | B26: QUIOSQUES | C26: 100,00% 186.918,12 | D26: 3,53% 6.593,20 | K26: 58,21% 108.809,93 | L26: 38,26% 71.514,99
A27: 4.1 | B27: LOCAÇÃO E MOVIMENTO DE TERRA | C27: 100,00% 6.593,20 | D27: 100,00% 6.593,20
A28: 4.2 | B28: INFRAESTRUTURA | C28: 100,00% 20.503,91 | K28: 100,00% 20.503,91
A29: 4.3 | B29: SUPER ESTRUTURA | C29: 100,00% 20.736,43 | K29: 100,00% 20.736,43
A30: 4.4 | B30: ELEVAÇÃO | C30: 100,00% 30.106,87 | K30: 100,00% 30.106,87
A31: 4.5 | B31: COBERTURA | C31: 100,00% 8.548,78 | K31: 50,00% 4.274,39 | L31: 50,00% 4.274,39
A32: 4.6 | B32: REVESTIMENTOS | C32: 100,00% 44.276,76 | K32: 50,00% 22.138,38 | L32: 50,00% 22.138,38
A33: 4.7 | B33: PAVIMENTAÇÃO | C33: 100,00% 11.049,95 | K33: 100,00% 11.049,95
A34: 4.8 | B34: ESQUADRIAS | C34: 100,00% 12.605,67 | L34: 100,00% 12.605,67
A35: 4.9 | B35: FORRO | C35: 100,00% 4.409,13 | L35: 100,00% 4.409,13
A36: 4.10 | B36: PINTURA | C36: 100,00% 17.947,02 | L36: 100,00% 17.947,02
A37: 4.11 | B37: LOUÇAS E METAIS | C37: 100,00% 10.140,40 | L37: 100,00% 10.140,40
A38: 5 | B38: URBANISMO | C38: 100,00% 335.871,98 | L38: 40,00% 134.348,79 | M38: 60,00% 201.523,19
A39: 6 | B39: SERVIÇOS FINAIS | C39: 100,00% 5.561,32 | M39: 100,00% 5.561,32
A40: Porcentagem | D40: 10,92% | E40: 10,15% | F40: 9,17% | G40: 10,83% | H40: 12,74% | I40: 12,66% | J40: 9,31% | K40: 8,96% | L40: 6,33% | M40: 8,93%
A41: Custo | D41: 355.334,03 | E41: 330.289,31 | F41: 298.304,04 | G41: 352.386,95 | H41: 414.485,58 | I41: 411.983,94 | J41: 302.932,76 | K41: 291.421,58 | L41: 205.863,78 | M41: 290.546,89
A42: Porcentagem Acumulado | D42: 10,92% | E42: 21,07% | F42: 30,24% | G42: 41,07% | H42: 53,81% | I42: 66,47% | J42: 75,79% | K42: 84,74% | L42: 91,07% | M42: 100,0%
A43: Custo Acumulado | D43: 355.334,03 | E43: 685.623,34 | F43: 983.927,38 | G43: 1.336.314,33 | H43: 1.750.799,91 | I43: 2.162.783,85 | J43: 2.465.716,61 | K43: 2.757.138,19 | L43: 2.963.001,97 | M43: 3.253.548,91

Sheet BDI
A1: Obra: | B1: ='Memória de Cálculo'!B1 -> CONSTRUÇÃO DO MERCADO PÚBLICO DE LAGOA DE DENTRO-PB. | E1: Valor da Obra: | G1: Valor de Repasse:
A2: Endereço da obra: | B2: ='Memória de Cálculo'!B2 -> LAGOA DE DENTRO-PB. | E2: 3253548.9 | G2: 3250301
A3: Fonte de dados: | B3: ='Memória de Cálculo'!B3 -> SINAPI - 09/2025 / ORSE - 09/2025 | E3: BDI: | G3: Contrapartida:
A4: Encargos Socias: | B4: ='Memória de Cálculo'!B4 -> Não desonerados - Horista:113,60% Mensalista: 69,85%) | E4: ='Memória de Cálculo'!$C$4 -> 0.2034 | G4: =E2-G2 -> 3247.91 | H4: ='Memória de Cálculo'!E4 -> ESTADO DA PARAÍBA PREFEITURA MUNICIPAL DE LAGOA DE DENTRO
A6: BENEFÍCIOS E DESPESAS INDIRETAS (BDI)
A8: Conforme legislação tributária municipal, definir estimativa de percentual da base de cálculo para o ISS: | I8: 0.4
A9: Sobre a base de cálculo, definir a respectiva alíquota do ISS (entre 2% e 5%): | I9: 0.05
A11: BDI 1
A13: TIPO DE OBRA
A14: Construção e Reforma de Edifícios | L14: Construção e Reforma de Edifícios | S14: Construção de Praças Urbanas, Rodovias, Ferrovias e recapeamento e pavimentação de vias urbanas
A16: Itens | I16: Siglas | J16: % Adotado | L16: Situação | O16: 1º Quartil | P16: Médio | Q16: 3º Quartil | S16: Situação | V16: 1º Quartil | W16: Médio | X16: 3º Quartil
A18: =IF($J$19=$A$150,"Encargos Sociais incidentes sobre a mão de obra","Administração Central") -> Administração Central | I18: AC | J18: 0.04 | L18: AC | O18: 0.03 | P18: 0.04 | Q18: 0.055 | S18: AC | V18: 0.038 | W18: 0.0401 | X18: 0.0467
A19: =IF($J$19=$A$150,"Administração Central da empresa ou consultoria - overhead","Seguro e Garantia") -> Seguro e Garantia | I19: SG | J19: 0.008 | L19: SG | O19: 0.008 | P19: 0.008 | Q19: 0.01 | S19: SG | V19: 0.0032 | W19: 0.004 | X19: 0.0074
A20: =IF($J$19=$A$150,"","Risco") -> Risco | I20: R | J20: 0.0097 | L20: R | O20: 0.0097 | P20: 0.0127 | Q20: 0.0127 | S20: R | V20: 0.005 | W20: 0.0056 | X20: 0.0097
A21: =IF($J$19=$A$150,"","Despesas Financeiras") -> Despesas Financeiras | I21: DF | J21: 0.0059 | L21: DF | O21: 0.0059 | P21: 0.0123 | Q21: 0.0139 | S21: DF | V21: 0.0102 | W21: 0.0111 | X21: 0.0121
A22: =IF($J$19=$A$150,"Margem bruta da empresa de consultoria","Lucro") -> Lucro | I22: L | J22: 0.0672 | L22: L | O22: 0.0616 | P22: 0.074 | Q22: 0.0896 | S22: L | V22: 0.0664 | W22: 0.073 | X22: 0.0869
A23: Tributos (impostos COFINS 3%, e PIS 0,65%) | I23: CP | J23: 0.0365 | L23: CP | O23: 0.0365 | P23: 0.0365 | Q23: 0.0365 | S23: CP | V23: 0.0365 | W23: 0.0365 | X23: 0.0365
A24: Tributos (ISS, variável de acordo com o município) | I24: ISS | J24: =ROUND(I8*I9,4) -> 0.02 | L24: - | O24: 0 | P24: 0.025 | Q24: 0.05 | S24: - | V24: 0 | W24: 0.025 | X24: 0.05
A25: Tributos (Contribuição Previdenciária sobre a Receita Bruta - 0% ou 4,5% - Desoneração) | I25: CPRB | J25: 0 | L25: - | O25: 0 | P25: 0.045 | Q25: 0.045 | S25: - | V25: 0 | W25: 0.045 | X25: 0.045
A26: BDI SEM desoneração (Fórmula Acórdão TCU) | I26: BDI PAD | J26: =ROUND((((1+J18+J19+J20)*(1+J21)*(1+J22)/(1-(J23+J24)))-1),4) -> 0.2034 | L26: =IF(((J26>=O26)*AND(J26<=Q26)),"OK","FORA DO INTERVALO") -> OK | O26: 0.2034 | P26: 0.2212 | Q26: 0.25 | S26: =IF((J26>=V26)*AND(J26<=X26),"OK","FORA DO INTERVALO") -> OK | V26: 0.196 | W26: 0.2097 | X26: 0.2423
C27: BDI | D27: =IF(J25=0,"SEM Desoneração","COM Desoneração") -> SEM Desoneração | I27: BDI DES | J27: =ROUND((((1+J18+J19+J20)*(1+J21)*(1+J22)/(1-(J23+J24+J25)))-1),4) -> 0.2034
A31: Os valores de BDI foram calculados com o emprego da fórmula:
C32: BDI = | D32: (1+AC + S + R + G)*(1 + DF)*(1+L) | G32: - 1
D33: (1-CP-ISS-CRPB)
A35: =CONCATENATE("Declaro para os devidos fins que, conforme legislação tributária municipal, a base de cálculo deste tipo de obra corresponde a ",$I$8*100,"%, com a respectiva alíquota de ",$I$9*100,"%.") -> Declaro para os devidos fins que, conforme legislação tributária municipal, a base de cálculo deste tipo de obra corresponde a 40%, com a respectiva alíquota de 5%.
A37: =CONCATENATE("Declaro para os devidos fins que o regime de Contribuição Previdenciária sobre a Receita Bruta adotado para elaboração do orçamento foi ",D27,", e que esta é a alternativa mais adequada para a Administração Pública.") -> Declaro para os devidos fins que o regime de Contribuição Previdenciária sobre a Receita Bruta adotado para elaboração do orçamento foi SEM Desoneração, e que esta é a alternativa mais adequada para a Administração Pública.
A39: =CONCATENATE("Declaro para os devidos fins que a data-base adotada para elaboração do orçamento foi ",B3,"") -> Declaro para os devidos fins que a data-base adotada para elaboração do orçamento foi SINAPI - 09/2025 / ORSE - 09/2025
A41: Observações:

Sheet ENCARGOS SOCIAIS
B2: ENCARGOS SOCIAIS SOBRE A MÃO DE OBRA
B3: CÓDIGO | C3: DESCRIÇÃO | D3: SEM DESONERAÇÃO
D4: HORISTA % | E4: MENSALISTA %
B5: GRUPO A
B6: A1 | C6: INSS | D6: 0.2 | E6: 0.2
B7: A2 | C7: SESI | D7: 0.015 | E7: 0.015
B8: A3 | C8: SENAI | D8: 0.01 | E8: 0.01
B9: A4 | C9: INCRA | D9: 0.002 | E9: 0.002
B10: A5 | C10: SEBRAE | D10: 0.006 | E10: 0.006
B11: A6 | C11: Salário Educação | D11: 0.025 | E11: 0.025
B12: A7 | C12: Seguro Contra Acidentes de Trabalho | D12: 0.03 | E12: 0.03
B13: A8 | C13: FGTS | D13: 0.08 | E13: 0.08
B14: A9 | C14: SECONCI | D14: 0 | E14: 0
B15: A | C15: Total | D15: 0.368 | E15: 0.368
B16: GRUPO B
B17: B1 | C17: Repouso Semanal Remunerado | D17: 0.1802 | E17: Não incide
B18: B2 | C18: Feriados | D18: 0.0431 | E18: Não incide
B19: B3 | C19: Auxílio - Enfermidade | D19: 0.0086 | E19: 0.0065
B20: B4 | C20: 13º Salário | D20: 0.1096 | E20: 0.0833
B21: B5 | C21: Licença Paternidade | D21: 0.0007 | E21: 0.0005
B22: B6 | C22: Faltas Justificadas | D22: 0.0073 | E22: 0.0056
B23: B7 | C23: Dias de Chuvas | D23: 0.0204 | E23: Não incide
B24: B8 | C24: Auxílio Acidente de Trabalho | D24: 0.001 | E24: 0.0007
B25: B9 | C25: Férias Gozadas | D25: 0.0976 | E25: 0.0742
B26: B10 | C26: Salário Maternidade | D26: 0.0003 | E26: 0.0003
B27: B | C27: Total | D27: 0.4688 | E27: 0.1711
B28: GRUPO C
B29: C1 | C29: Aviso Prévio Indenizado | D29: 0.0453 | E29: 0.0345
B30: C2 | C30: Aviso Prévio Trabalhado | D30: 0.0011 | E30: 0.0008
B31: C3 | C31: Férias Indenizadas | D31: 0.0429 | E31: 0.0326
B32: C4 | C32: Depósito Rescisão Sem Justa Causa | D32: 0.0296 | E32: 0.0225
B33: C5 | C33: Indenização Adicional | D33: 0.0038 | E33: 0.0029
B34: C | C34: Total | D34: 0.1227 | E34: 0.0933
B35: GRUPO D
B36: D1 | C36: Reincidência de Grupo A sobre Grupo B | D36: 0.1725 | E36: 0.063
B37: D2 | C37: Reincidência de Grupo A sobre Aviso Prévio Trabalhado e Reincidência do FGTS sobre Aviso Prévio Indenizado | D37: 0.004 | E37: 0.0031
B38: D | C38: Total | D38: 0.1765 | E38: 0.0661
B39: TOTAL(A+B+C+D) | D39: =D15+D27+D34+D38 -> 1.136 | E39: =E15+E27+E34+E38 -> 0.6985
